 Dungeon Crawl Stone Soup version 0.32-a0-450-g080537f31e (webtiles) character file.

Game seed: 16237252706910711453

3123899 sleeves the Slayer (level 27, 273/273 HPs)
             Began as a Mountain Dwarf Delver on Feb 23, 2024.
             Was the Champion of Ashenzari.
             Escaped with the Orb
             ... and 5 runes
             ... and 1 gem on Feb 24, 2024!
             The game lasted 03:48:58 (78085 turns).

sleeves the Slayer (Mountain Dwarf Delver)         Turns: 78085, Time: 03:48:58

Health: 273/273    AC: 55    Str: 26    XL:     27
Magic:  54/54      EV: 15    Int: 22    God:    Ashenzari [******]
Gold:   5632       SH: 25    Dex: 14    Spells: 55/80 levels left

rFire   + + +        i - +8 demon trident "Rift" {distort, reach+, Bglg, Self} (curse)
rCold   + + .        Y - +0 tower shield "Lashed With Me" {Fort, Bglg} (curse)
rNeg    + + +        o - +9 gold dragon scales "Share My Vision" {rPois rF+ rC+, Self, Fort} (curse)
rPois   +            z - +3 helmet "Share My Water Diviner" {rN+ SInv, Self, Fort} (curse)
rElec   +            V - +2 cloak "Restrained Vision" {Cun, Fort} (curse)
rCorr   +            G - +2 pair of gloves "Behold Eternity" {Stlth+, Melee, Cun} (curse)
SInv    +            n - +2 pair of boots of Star-Bound Wisdom {Self, Melee} (curse)
Will    +++++        h - amulet "At What Cost Knowledge?" {RegenMP rN+ Will+ Int+5 Dex+3, Cun, Dev} (curse) Stlth
                     y - ring of Ashenzari's Suspicion {^Drain rN+ Will+ Str+3 Slay+6, Fort, Self} (curse)
HPRegen 0.65/turn    s - ring "Share My Stickiness" {rElec rF+ Will+, Fort, Cun} (curse)
MPRegen 0.74/turn

%: clarity
@: resistant, slowed, studying 2 skills, very slow
A: runic magic, artefact enchanting, iridescent scales 1, poison resistance,
MP-powered wands
0: Orb of Zot
}: 5/15 runes: decaying, slimy, silver, abyssal, gossamer
a: Renounce Religion, Shatter the Chains


You escaped.
You worshipped Ashenzari.
Ashenzari was exalted by your worship.
You visited 12 branches of the dungeon, and saw 56 of its levels.
You visited the Abyss 6 times.
You also visited: Gauntlet, Ice Cave and Desolation.

You collected 9596 gold pieces.
You spent 3964 gold pieces at shops.

Inventory:

Hand Weapons
 i - the cursed +8 demon trident "Rift" (weapon) {distort, reach+, Bglg, Self}
   (You acquired it on level 5 of the Dungeon)

   It has a curse which improves the following skills: Beguiling: Hexes and
   Translocations.
   Introspection: Fighting and Spellcasting.
Armour
 n - the cursed +2 pair of boots of Star-Bound Wisdom (worn) {Self, Melee}
   (You found it in a Gauntlet)

   It has a curse which improves the following skills: Introspection: Fighting
   and Spellcasting.
   Melee Combat: Short Blades, Long Blades, Axes, Maces & Flails, Polearms,
   Staves and Unarmed Combat.
 o - the cursed +9 gold dragon scales "Share My Vision" (worn) {rPois rF+ rC+, Self, Fort}
   (You found it on level 4 of the Depths)

   rF+:       It protects you from fire.
   rC+:       It protects you from cold.
   rPois:     It protects you from poison It has a curse which improves the
   following skills: Introspection: Fighting and Spellcasting.
   Fortitude: Armour and Shields.
 x - the +9 scales of the Dragon King {rPois rF+ rC+ Will+}
   (You found it on level 5 of the Vaults)

   rF+:       It protects you from fire.
   rC+:       It protects you from cold.
   rPois:     It protects you from poison Will+: It increases your willpower.
 z - the cursed +3 helmet "Share My Water Diviner" (worn) {rN+ SInv, Self, Fort}
   (You bought it in a shop on level 2 of the Orcish Mines)

   rN+:       It protects you from negative energy.
   SInv:      It lets you see invisible.
   It has a curse which improves the following skills: Introspection: Fighting
   and Spellcasting.
   Fortitude: Armour and Shields.
 G - the cursed +2 pair of gloves "Behold Eternity" (worn) {Stlth+, Melee, Cun}
   (You found it on level 4 of the Spider Nest)

   It has a curse which improves the following skills: Melee Combat: Short
   Blades, Long Blades, Axes, Maces & Flails, Polearms, Staves and Unarmed
   Combat.
   Cunning:   Dodging and Stealth.
 P - the +11 scale mail of Wu Jian's Wrath {Regen+}
   (You found it on level 5 of the Lair of Beasts)

   Regen+:    It increases your rate of health regeneration.
 R - the +2 helmet "Pobberub" {Harm rPois rCorr}
   (You found it on level 3 of the Vaults)

   rPois:     It protects you from poison rCorr: It protects you from acid and
   corrosion.
   Harm:      It increases damage dealt and taken.
 V - the cursed +2 cloak "Restrained Vision" (worn) {Cun, Fort}
   (You found it on level 3 of the Swamp)

   It has a curse which improves the following skills: Cunning: Dodging and
   Stealth.
   Fortitude: Armour and Shields.
 X - the +12 plate armour of Valiance {Int+4}
   (You found it on level 3 of the Abyss)

   Int+4:     It affects your intelligence (+4).
 Y - the cursed +0 tower shield "Lashed With Me" (worn) {Fort, Bglg}
   (You took it off Louise on level 3 of the Spider Nest)

   It has a curse which improves the following skills: Fortitude: Armour and
   Shields.
   Beguiling: Hexes and Translocations.
Jewellery
 a - the ring of Ruqytsu {Fly rC- rCorr Int+8 Dex+3}
   (You found it in the Desolation of Salt)

   [ring of resist corrosion]

   Int+8:     It affects your intelligence (+8).
   Dex+3:     It affects your dexterity (+3).
   rC-:       It makes you vulnerable to cold.
   Fly:       It grants you flight.
   rCorr:     It protects you from acid and corrosion.
 h - the cursed amulet "At What Cost Knowledge?" (around neck) {RegenMP rN+ Will+ Int+5 Dex+3, Cun, Dev}
   (You took it off a vault sentinel on level 5 of the Vaults)

   [amulet of magic regeneration]

   RegenMP:   It increases your rate of magic regeneration.
   Int+5:     It affects your intelligence (+5).
   Dex+3:     It affects your dexterity (+3).
   rN+:       It protects you from negative energy.
   Will+:     It increases your willpower.
   It has a curse which improves the following skills: Cunning: Dodging and
   Stealth.
   Devices:   Evocations and Shapeshifting.
 s - the cursed ring "Share My Stickiness" (right hand) {rElec rF+ Will+, Fort, Cun}
   (You took it off a servant of whispers in the Desolation of Salt)

   [ring of willpower]

   rF+:       It protects you from fire.
   rElec:     It insulates you from electricity.
   Will+:     It increases your willpower.
   It has a curse which improves the following skills: Fortitude: Armour and
   Shields.
   Cunning:   Dodging and Stealth.
 y - the cursed ring of Ashenzari's Suspicion (left hand) {^Drain rN+ Will+ Str+3 Slay+6, Fort, Self}
   (You took it off a kobold brigand on level 8 of the Dungeon)

   [ring of willpower]

   Str+3:     It affects your strength (+3).
   Slay+6:    It affects your accuracy & damage with ranged weapons and melee
   (+6).
   rN+:       It protects you from negative energy.
   Will+:     It increases your willpower.
   ^Drain:    It drains your maximum health when unequipped.
   It has a curse which improves the following skills: Fortitude: Armour and
   Shields.
   Introspection: Fighting and Spellcasting.
 C - the ring "Qemnoog" {Fly rPois rF+ Str+4 Dex-5}
   (You took it off a deep elf annihilator on level 3 of the Elven Halls)

   [ring of flight]

   Str+4:     It affects your strength (+4).
   Dex-5:     It affects your dexterity (-5).
   rF+:       It protects you from fire.
   rPois:     It protects you from poison Fly: It grants you flight.
 H - the ring of Kikubaaqudgha's Scorn {Ice ^Contam +Blink rPois Str+2}
   (You found it on level 5 of the Pits of Slime)

   [ring of ice]

   Ice:       It enhances your ice magic.
   Str+2:     It affects your strength (+2).
   rF-:       It makes you vulnerable to fire.
   rC+:       It protects you from cold.
   rPois:     It protects you from poison +Blink: It lets you blink.
   ^Contam:   It causes magical contamination when unequipped.
Talismans
 e - a talisman of death
   (You found it on level 3 of the Crypt)
Wands
 g - a wand of digging (12)
 B - a wand of light (60)
   (You found it on level 4 of the Dungeon)
Scrolls
 c - 8 scrolls of fog
 d - 12 scrolls of revelation
 m - 6 scrolls of fear
 q - 18 scrolls of teleportation
 v - 8 scrolls of blinking
 A - 5 scrolls of summoning
 D - 11 scrolls of amnesia
 J - 14 scrolls of enchant weapon
 K - 10 scrolls of vulnerability
 O - 2 scrolls of brand weapon
 Q - 8 scrolls of poison
 U - 4 scrolls of immolation
 W - 6 scrolls of torment
Potions
 b - 7 potions of magic
 f - 4 potions of haste
 j - 32 potions of curing
 l - a potion of invisibility
 p - a potion of ambrosia
 r - 19 potions of heal wounds
 t - 7 potions of cancellation
 E - 4 potions of mutation
 F - 8 potions of enlightenment
 I - 3 potions of resistance
 M - 5 potions of brilliance
 N - 9 potions of berserk rage
 T - 6 potions of might
Miscellaneous
 k - a lightning rod (4/4)
   (You found it in a Gauntlet)
 w - a condenser vane
   (You found it in a Gauntlet)
 S - a phial of floods
   (You found it in an ice cave)


   Skills:
 - Level 22.0(27) Fighting
 - Level 18.1(21.5) Polearms
 - Level 20.6(27) Armour
 - Level 15.9(21.5) Dodging
 - Level 10.8(16.5) Stealth
 - Level 20.6(27) Shields
 - Level 20.8(27) Spellcasting
 - Level 19.1(22.4) Translocations
 + Level 8.9(11.4) Shapeshifting


You had 55 spell levels left.
You knew the following spells:

 Your Spells              Type           Power      Damage    Failure   Level
a - Blink                 Tloc           100%       N/A       0%          2
b - Manifold Assault      Tloc           91%        N/A       0%          4
c - Passage of Golubria   Tloc           91%        N/A       0%          4
d - Apportation           Tloc           100%       N/A       0%          1
e - Dispersal             Tloc           45%        N/A       1%          6
f - Disjunction           Tloc           45%        N/A       1%          8

Your spell library contained the following spells:

 Spells                   Type           Power      Damage    Failure   Level
 Lesser Beckoning         Tloc           100%       N/A       0%          2
 Gell's Gravitas          Tloc           91%        N/A       0%          3
 Teleport Other           Tloc           91%        N/A       0%          3
 Foxfire                  Conj/Fire      100%       2x1d9     1%          1
 Freeze                   Ice            100%       1d10      1%          1
 Kiss of Death            Conj/Necr      100%       2d13      1%          1
 Magic Dart               Conj           100%       1d8       1%          1
 Necrotise                Necr           100%       1d9       1%          1
 Slow                     Hex            100%       N/A       1%          1
 Sting                    Conj/Alch      100%       1d9       1%          1
 Summon Small Mammal      Summ           100%       N/A       1%          1
 Jinxbite                 Hex            62%        N/A       1%          2
 Momentum Strike          Conj/Tloc      100%       3d10      1%          2
 Volatile Blastmotes      Fire/Tloc      100%       2d18      1%          3
 Dimensional Bullseye     Hex/Tloc       34%        N/A       1%          4
 Iskenderun's Mystic Bla  Conj/Tloc      68%        2d14      1%          4
 Vhi's Electric Charge    Tloc/Air       100%       N/A       1%          4
 Summon Forest            Summ/Tloc      34%        N/A       1%          5
 Call Imp                 Summ           58%        N/A       2%          2
 Cigotuvi's Dreadful Rot  Necr/Alch/Air  58%        N/A       2%          2
 Ensorcelled Hibernation  Hex/Ice        60%        N/A       2%          2
 Scorch                   Fire           58%        2d7       2%          2
 Searing Ray              Conj           58%        2d6       2%          2
 Static Discharge         Conj/Air       58%        3-6/arc   2%          2
 Sublimation of Blood     Necr           29%        N/A       2%          2
 Call Canine Familiar     Summ           29%        N/A       4%          3
 Confusing Touch          Hex            31%        N/A       4%          3
 Dazzling Flash           Conj/Hex       60%        N/A       4%          3
 Frozen Ramparts          Ice            58%        1d9       4%          3
 Fugue of the Fallen      Necr           29%        N/A       4%          3
 Hailstorm                Conj/Ice       29%        3d8       4%          3
 Inner Flame              Hex/Fire       30%        N/A       4%          3
 Ozocubu's Armour         Ice            29%        N/A       4%          3
 Passwall                 Erth           29%        N/A       4%          3
 Sigil of Binding         Hex            31%        N/A       4%          3
 Swiftness                Air            29%        N/A       4%          3
 Tukima's Dance           Hex            31%        N/A       4%          3
 Vampiric Draining        Necr           29%        2d8       4%          3
 Cause Fear               Hex            15%        N/A       13%         4
 Anguish                  Hex/Necr       15%        N/A       14%         4
 Malign Gateway           Summ/Tloc      34%        N/A       14%         7
 Airstrike                Air            14%        2d(3-19)  16%         4
 Animate Armour           Summ/Erth      58%        N/A       16%         4
 Animate Dead             Necr           29%        N/A       16%         4
 Brom's Barrelling Bould  Conj/Erth      29%        2d5       16%         4
 Dispel Undead            Necr           29%        3d13      16%         4
 Flame Wave               Conj/Fire      29%        2d9       16%         4
 Fulminant Prism          Conj/Alch      14%        3d9       16%         4
 Martyr's Knell           Necr/Summ      29%        N/A       16%         4
 Olgreb's Toxic Radiance  Alch           29%        N/A       16%         4
 Petrify                  Alch/Erth      29%        N/A       16%         4
 Summon Blazeheart Golem  Fire/Summ      29%        N/A       16%         4
 Summon Lightning Spire   Summ/Air       29%        N/A       16%         4
 Silence                  Hex/Air        15%        N/A       38%         5
 Summon Mana Viper        Hex/Summ       30%        N/A       38%         5
 Yara's Violent Unravell  Hex/Alch       15%        3d8       38%         5
 Alistair's Intoxication  Alch           19%        N/A       41%         5
 Arcjolt                  Conj/Air       14%        1d24      41%         5
 Borgnjor's Vile Clutch   Necr/Erth      14%        N/A       41%         5
 Curse of Agony           Necr           29%        N/A       41%         5
 Fireball                 Conj/Fire      14%        3d8       41%         5
 Irradiate                Conj/Alch      14%        3d16      41%         5
 Iskenderun's Battlesphe  Conj           29%        2d8       41%         5
 Lee's Rapid Deconstruct  Erth           14%        3d9*      41%         5
 Conjure Ball Lightning   Conj/Air       14%        3x3d6     94%         6
 Death Channel            Necr           14%        N/A       94%         6
 Eringya's Noxious Bog    Alch           14%        4d6       94%         6
 Plasma Beam              Fire/Air       14%        2x1d25    94%         6
 Sculpt Simulacrum        Ice/Alch       14%        N/A       94%         6
 Starburst                Conj/Fire      14%        6d6       94%         6
 Summon Cactus Giant      Summ           14%        N/A       94%         6
 Enfeeble                 Hex            15%        N/A       100%        7
 Haunt                    Necr/Summ      14%        N/A       100%        7
 Ozocubu's Refrigeration  Ice            14%        4d10      100%        7
 Summon Hydra             Summ           14%        N/A       100%        7
 Borgnjor's Revivificati  Necr           14%        N/A       100%        8
 Discord                  Hex            15%        N/A       100%        8
 Ignition                 Fire           14%        3d6       100%        8
 Infestation              Necr           14%        N/A       100%        8
 Lehudib's Crystal Spear  Conj/Erth      14%        10d5      100%        8
 Maxwell's Capacitive Co  Air            14%        ∞         100%        8
 Summon Horrible Things   Summ           14%        N/A       100%        8
 Death's Door             Necr           14%        N/A       100%        9
 Dragon's Call            Summ           14%        N/A       100%        9
 Polar Vortex             Ice            14%        12d1*     100%        9


Dungeon Overview and Level Annotations

Branches:
Dungeon (15/15)            Temple (1/1) D:5            Lair (5/5) D:8
  Swamp (4/4) Lair:2       Spider (4/4) Lair:2        Slime (5/5) Lair:4
    Orc (2/2) D:12            Elf (3/3) Orc:2        Vaults (5/5) D:14
  Crypt (3/3) Vaults:2       Tomb (0/3) Crypt:3      Depths (4/4) D:15
    Zot (5/5) Depths:4      IceCv (visited)         Desolation (visited)
Gauntlet (visited)

Altars:
Ashenzari
Cheibriados
Dithmenos
Elyvilon
Fedhas
Gozag
Hepliaklqana
Kikubaaqudgha
Makhleb
Nemelex Xobeh
Okawaru
Qazlal
Ru
Sif Muna
Trog
Uskayaw
Vehumet
Wu Jian
Xom
Yredelemnul
Zin
The Shining One
Beogh
Jiyva

Shops:
D:15 !   Orc:1 *   Orc:2 *:[**   Elf:2 *   Vaults:2 =   Vaults:3 (
Depths:1 :=:*   Depths:3 !*!

Portals:
Hell: Depths:1 Depths:2 Depths:3 Depths:4
Abyss: Depths:2 Depths:3
Pandemonium: Depths:2 Depths:3
Ziggurat: Depths:1
Trove: Depths:4 (give 2 scrolls of acquirement)

Annotations:
D:5 exclusion: door
D:7 3 runed translucent doors
D:15 Roxanne
Swamp:2 3 runed translucent doors, jamsaran's ghost, journeyman DgAl
Spider:3 1 runed translucent door, Movesim's ghost, adept DjAE
Spider:4 1 exclusion
Abyss:1 Grunn; Zenata


Innate Abilities, Weirdness & Mutations

Your spellcasting is much less encumbered by armour.
You can use scrolls of enchantment on lesser artefacts.
You are partially covered in iridescent scales. (AC +2)
Your system is resistant to poisons. (rPois)
You expend magic power (3 MP) to strengthen your wands.


Message History

You stick the electric golem like a pincushion!!!
You destroy the electric golem!
* * * LOW MAGIC WARNING * * *
The orb of fire glows bright magenta.
The bolt of fire misses you.
You hit the orb of fire.
The orb of fire is heavily damaged.
You impale the orb of fire!!
Space warps around the orb of fire.
The orb of fire is severely damaged.
You barely miss the orb of fire.
The orb of fire is severely damaged.
The orb of fire glows red.
The bolt of fire hits you! You resist.
You miss the orb of fire.
The orb of fire is severely damaged.
You hit the orb of fire but do no damage.
Space warps horribly around the orb of fire!
The orb of fire is severely damaged.
The orb of fire glows deep purple.
Strange energies course through your body.
You feel less energetic.
You puncture the orb of fire!
Space warps horribly around the orb of fire!
The orb of fire is almost destroyed.
The orb of fire glows deep purple.
Strange energies course through your body.
You feel robust.
You miss the orb of fire.
The orb of fire is almost destroyed.
You perforate the orb of fire like a sieve!!!
You destroy the orb of fire!
Your extra speed is starting to run out.
You start resting.
You feel yourself slow down.
You start resting.
You feel a little less mighty now.
You start resting.
Magic restored.
You start resting.
HP restored.
A storm dragon comes into view.
Things that are here:
9 gold pieces; a +2 mace of venom; a purple draconian skeleton A storm dragon is nearby!
A storm dragon is nearby!
You impale the storm dragon!!
The storm dragon is moderately wounded.
The storm dragon blinks!
The storm dragon breathes lightning at you.
The bolt of lightning hits you! You resist.
Things that are here:
a +0 antimagic glaive; a +0 cloak; a green draconian skeleton You hit the storm dragon but do no damage.
Space warps horribly around the storm dragon.
The storm dragon is moderately wounded.
You hit the storm dragon but do no damage.
The storm dragon is moderately wounded.
The storm dragon blinks!
You puncture the storm dragon!
Space warps around the storm dragon.
The storm dragon is heavily wounded.
You spit the storm dragon like a pig!!!
Space warps around the storm dragon.
The storm dragon is severely wounded.
You puncture the storm dragon!
Space warps around the storm dragon.
The storm dragon is almost dead.
You impale the storm dragon!!
You kill the storm dragon!
The +0 storm dragon scales are intact enough to wear.
No target in view!
A shadow dragon comes into view.
You impale the shadow dragon!!
Space warps horribly around the shadow dragon!
The shadow dragon is moderately wounded.
You puncture the shadow dragon!
Space warps horribly around the shadow dragon!
The shadow dragon is heavily wounded.
You hit the shadow dragon.
The shadow dragon is heavily wounded.
The shadow dragon blinks!
You closely miss the shadow dragon.
The shadow dragon is heavily wounded.
You puncture the shadow dragon!
Space warps horribly around the shadow dragon!!
The shadow dragon is severely wounded.
The shadow dragon breathes negative energy at you.
The bolt of negative energy hits you but does no damage.
You resist.
You impale the shadow dragon!!
The shadow dragon is almost dead.
The shadow dragon blinks!
The shadow dragon breathes negative energy at you.
The bolt of negative energy misses you.
You impale the shadow dragon!!
You kill the shadow dragon!
No target in view!
You now have 5611 gold pieces (gained 9).
Things that are here:
a +2 mace of venom; a purple draconian skeleton
Things that are here:
a +0 antimagic glaive; a +0 cloak; a green draconian skeleton
Found a +0 club.
D - 11 scrolls of amnesia (gained 1)
An Orb Guardian comes into view. x2
There are monsters nearby!
Space momentarily warps into an impossible shape!
You impale the Orb Guardian!!
Space warps horribly around the Orb Guardian!
You puncture the Orb Guardian!
The Orb Guardian is devoured by a tear in reality.
Space momentarily warps into an impossible shape!
You barely miss the Orb Guardian.
Found a scroll of identify.
You puncture the Orb Guardian!
Space warps around the Orb Guardian.
The Orb Guardian is severely wounded.
You barely miss the Orb Guardian.
The Orb Guardian is severely wounded.
You puncture the Orb Guardian!
Space warps horribly around the Orb Guardian!
You kill the Orb Guardian!
Your base Spellcasting skill increases to level 20!
An Orb Guardian comes into view. x2
There are monsters nearby!
There are monsters nearby!
Space momentarily warps into an impossible shape!
You hit the Orb Guardian but do no damage.
Space warps around the Orb Guardian.
You impale the Orb Guardian!!
Space warps around the Orb Guardian.
Space momentarily warps into an impossible shape!
You impale the Orb Guardian!! x2
Space warps horribly around the Orb Guardian!
Space momentarily warps into an impossible shape!
You puncture the Orb Guardian!
You kill the Orb Guardian!
You miss the Orb Guardian. You puncture the Orb Guardian!
Space warps horribly around the Orb Guardian.
The Orb Guardian is heavily wounded.
You puncture the Orb Guardian!
Space warps around the Orb Guardian.
The Orb Guardian is severely wounded.
The Orb Guardian hits you but does no damage.
You barely miss the Orb Guardian.
The Orb Guardian is severely wounded.
The Orb Guardian completely misses you.
An Orb Guardian is nearby!
You impale the Orb Guardian!!
The Orb Guardian is almost dead.
The Orb Guardian blinks!
An Orb Guardian is nearby!
An Orb Guardian is nearby!
An Orb Guardian is nearby!
You impale the Orb Guardian!!
You kill the Orb Guardian!
No target in view!
No target in view!
Okay, then.
Magic restored.
A malevolent force fills the Realm of Zot...
Ashenzari reveals an alarm trap just before you would have tripped it.
An Orb Guardian comes into view.
An Orb Guardian is nearby!
An Orb Guardian comes into view. x2
The Orb Guardian moves out of view.
Space momentarily warps into an impossible shape!
You puncture the Orb Guardian! You impale the Orb Guardian!!
The Orb Guardian blinks!
Space momentarily warps into an impossible shape!
You hit the Orb Guardian. You barely miss the Orb Guardian.
The Orb Guardian blinks!
Space momentarily warps into an impossible shape!
You closely miss the Orb Guardian. You impale the Orb Guardian!!
Space warps horribly around the Orb Guardian!
You hit the Orb Guardian but do no damage.
Space momentarily warps into an impossible shape!
You hit the Orb Guardian but do no damage. x2
Space warps around the Orb Guardian.
You skewer the Orb Guardian like a kebab!!!
Space momentarily warps into an impossible shape!
You puncture the Orb Guardian!
Space warps around the Orb Guardian.
You impale the Orb Guardian!! You hit the Orb Guardian.
The Orb Guardian blinks!
You block the Orb Guardian's attack.
Space momentarily warps into an impossible shape!
You impale the Orb Guardian!! You completely miss the Orb Guardian.
You puncture the Orb Guardian!
Space warps horribly around the Orb Guardian!!
You kill the Orb Guardian!
The Orb Guardian blinks!
Space momentarily warps into an impossible shape!
You hit the Orb Guardian.
Space warps around the Orb Guardian!
You kill the Orb Guardian!
You impale the Orb Guardian!!
Space warps horribly around the Orb Guardian!!
You kill the Orb Guardian!
An Orb Guardian comes into view.
An Orb Guardian is nearby!
An Orb Guardian comes into view.
Found the Orb of Zot.
You miss the Orb Guardian. You impale the Orb Guardian!!
Space warps around the Orb Guardian.
The Orb Guardian is moderately wounded.
You block the Orb Guardian's attack.
You puncture the Orb Guardian!
The Orb Guardian is moderately wounded.
You block the Orb Guardian's attack.
You stick the Orb Guardian like a pincushion!!!
The Orb Guardian is almost dead.
The Orb Guardian disappears!
You puncture the Orb Guardian!
You kill the Orb Guardian!
You spit the Orb Guardian like a pig!!!
Space warps around the Orb Guardian.
The Orb Guardian is severely wounded.
You block the Orb Guardian's attack.
You closely miss the Orb Guardian.
The Orb Guardian is severely wounded.
You barely miss the Orb Guardian.
The Orb Guardian is severely wounded.
You block the Orb Guardian's attack.
You impale the Orb Guardian!!
You kill the Orb Guardian!
No target in view!
An Orb Guardian comes into view.
An Orb Guardian is nearby!
An Orb Guardian is nearby!
You hit the Orb Guardian but do no damage.
Space warps horribly around the Orb Guardian!
The Orb Guardian is lightly wounded.
You puncture the Orb Guardian!
Space warps around the Orb Guardian.
The Orb Guardian is moderately wounded.
You impale the Orb Guardian!!
The Orb Guardian is severely wounded.
The Orb Guardian blinks!
You puncture the Orb Guardian!
Space warps horribly around the Orb Guardian!
The Orb Guardian is almost dead.
You puncture the Orb Guardian!
Space warps around the Orb Guardian.
You kill the Orb Guardian!
No target in view!
You see here the Orb of Zot.
An Orb Guardian comes into view.
Found a wand of mindburst (6).
An Orb Guardian is nearby!
Space momentarily warps into an impossible shape!
You puncture the Orb Guardian!
Space warps around the Orb Guardian!
Space momentarily warps into an impossible shape!
You puncture the Orb Guardian!
Space warps horribly around the Orb Guardian!!
You hear a loud "Zot"!
The power of Zot is invoked against you!
You suddenly lose the ability to move!
An ancient lich comes into view.
The ancient lich shouts!
The ancient lich casts a spell.
The ancient lich flickers and vanishes for a moment.
An orb of fire comes into view.
The Orb Guardian hits you!
You can move again.
Unknown command.
Unknown command.
Unknown command.
Unknown command.
Unknown command.
Unknown command.
Unknown command.
Unknown command.
Unknown command.
Unknown command.
The Orb Guardian hits you.
You hear a loud "Zot"!
An electric golem comes into view.
The orb of fire glows deep purple.
The bolt of fire hits you but does no damage.
The Orb Guardian hits you!!
The Orb Guardian attacks as it pursues you!
You block the Orb Guardian's attack. You block the Orb Guardian's attack.
Space momentarily warps into an impossible shape!
You barely miss the Orb Guardian. You impale the orb of fire!!
You puncture the ancient lich!
The orb of fire blinks!
Space momentarily warps into an impossible shape!
You closely miss the Orb Guardian. You hit the orb of fire.
The orb of fire is devoured by a tear in reality.
You puncture the ancient lich! The Orb Guardian barely misses you.
You barely miss the Orb Guardian.
The Orb Guardian is heavily wounded.
You block the Orb Guardian's attack.
An orb of fire comes into view.
You puncture the Orb Guardian!
Space warps around the Orb Guardian.
The Orb Guardian is severely wounded.
You block the Orb Guardian's attack.
Space momentarily warps into an impossible shape!
You impale the Orb Guardian!!
Space warps around the Orb Guardian.
You impale the ancient lich!! You closely miss the orb of fire.
The ancient lich blinks!
You block the Orb Guardian's attack.
Space momentarily warps into an impossible shape!
You puncture the orb of fire!
Space warps around the orb of fire.
You impale the ancient lich!!
Space warps horribly around the ancient lich!
You hit the Orb Guardian but do no damage.
Space warps horribly around the Orb Guardian!
You block the Orb Guardian's attack.
Space momentarily warps into an impossible shape!
You hit the ancient lich but do no damage.
Space warps around the ancient lich.
You impale the orb of fire!!
The orb of fire is devoured by a tear in reality.
You hit the Orb Guardian.
The Orb Guardian is devoured by a tear in reality.
You puncture the ancient lich!
The ancient lich is severely damaged.
The ancient lich blinks!
You hear a loud "Zot"!
The power of Zot is invoked against you!
The dungeon shakes, a horrible noise fills the air, and a portal to some otherworldly place is opened!
You skewer the ancient lich like a kebab!!!
You destroy the ancient lich!
No target in view!
No target in view!
You sense a monster nearby.
An eldritch tentacle comes into view.
An eldritch tentacle is nearby!
There's something in the way.
There's something in the way.
A dread lich comes into view.
The dread lich shouts!
The electric golem crackles and sizzles.
You block the dread lich's attack.
You hear a loud "Zot"!
The power of Zot is invoked against you!
You are contaminated with residual magic.
You barely miss the dread lich. The electric golem closely misses you.
The electric golem hits you but does no damage.
The electric golem closely misses you. You block the electric golem's attack.
You block the dread lich's attack.
You puncture the dread lich!
Space warps around the dread lich.
The dread lich is moderately damaged.
The electric golem hurls lightning at you.
The bolt of lightning hits you but does no damage.
The bolt of lightning hits the eldritch tentacle segment.
The eldritch tentacle segment completely resists.
You hear a shout!
You hear a roar!
You puncture the dread lich!
The dread lich is moderately damaged.
The dread lich blinks!
The electric golem blinks!
The electric golem crackles and sizzles.
The electric golem blinks!
Space momentarily warps into an impossible shape!
You spit the dread lich like a pig!!! You impale the electric golem!!
Space warps horribly around the electric golem.
You puncture the eldritch tentacle!
Space warps around the eldritch tentacle.
The dread lich blinks!
Space momentarily warps into an impossible shape!
You hit the dread lich but do no damage.
Space warps horribly around the dread lich!!
You barely miss the electric golem.
You puncture the eldritch tentacle segment!
Space warps horribly around the eldritch tentacle segment!
You hit the eldritch tentacle.
Space warps horribly around the eldritch tentacle!!
The electric golem crackles and sizzles.
Space momentarily warps into an impossible shape!
You impale the dread lich!!
You destroy the dread lich!
You puncture the electric golem!
Space warps around the electric golem.
You puncture the eldritch tentacle segment!
You impale the eldritch tentacle!!
Space warps around the eldritch tentacle!
Space momentarily warps into an impossible shape!
You hit the eldritch tentacle.
The eldritch tentacle is devoured by a tear in reality.
You miss the electric golem. You puncture the electric golem!
The electric golem is heavily damaged.
The electric golem blinks!
You impale the electric golem!!
Space warps horribly around the electric golem!
The electric golem is severely damaged.
You impale the electric golem!!
The electric golem is devoured by a tear in reality.
No target in view!
No target in view!
A Killer Klown comes into view. It is wielding a +12 club of freezing.
A Killer Klown is nearby!
The Killer Klown pies you viciously! You block the klown pie.
The Killer Klown pies you viciously! The klown pie hits you!
Blueberry!
An unnatural silence engulfs you.
You completely miss the Killer Klown. You impale the Killer Klown!!
The Killer Klown is devoured by a tear in reality.
No target in view!
No target in view!
Your hearing returns.
Your body shudders with the violent release of wild energies!
The magical storm engulfs you. You resist.
You feel yourself wasting away.
You hear a deafening roar!
A storm dragon comes into view.
A storm dragon is nearby!
Found a wand of paralysis (6).
You hear a loud "Zot"!
An orb of fire comes into view.
The storm dragon breathes lightning at you.
The bolt of lightning misses you.
You hit the storm dragon.
The storm dragon is lightly wounded.
The storm dragon blinks!
The orb of fire glows red.
Strange energies course through your body.
You occasionally lose the ability to read scrolls when taking damage.
Space momentarily warps into an impossible shape!
You impale the orb of fire!!
Space warps horribly around the orb of fire!
The orb of fire glows deep purple.
The fireball explodes!
The fireball engulfs you! You resist.
You hear a roar!
Space momentarily warps into an impossible shape!
You closely miss the orb of fire. You impale the storm dragon!!
The storm dragon blinks!
Space momentarily warps into an impossible shape!
You closely miss the orb of fire.
The orb of fire glows deep purple.
The bolt of fire hits you! You resist.
Space momentarily warps into an impossible shape!
You impale the orb of fire!!
The orb of fire blinks!
Space momentarily warps into an impossible shape!
You puncture the orb of fire!
Space warps horribly around the orb of fire!
The orb of fire glows bright magenta.
The bolt of fire hits you. You resist.
Your body shudders with the violent release of wild energies!
You feel clumsy.
Space momentarily warps into an impossible shape!
You barely miss the orb of fire.
The orb of fire glows deep purple.
The fireball explodes!
The fireball engulfs you!! You resist.
Space momentarily warps into an impossible shape!
You impale the orb of fire!!
Space warps around the orb of fire.
The orb of fire glows yellow.
The bolt of fire hits you but does no damage.
Space momentarily warps into an impossible shape!
You hit the orb of fire.
The orb of fire blinks!
An orb of fire is nearby!
An orb of fire is nearby!
An orb of fire is nearby!
Space momentarily warps into an impossible shape!
You puncture the orb of fire!
* * * LOW MAGIC WARNING * * *
The orb of fire blinks!
An orb of fire is nearby!
An orb of fire is nearby!
An orb of fire is nearby!
Space momentarily warps into an impossible shape!
You impale the orb of fire!!
* * * LOW MAGIC WARNING * * *
The orb of fire blinks!
A purple draconian comes into view. It is wielding a +0 scimitar.
Space momentarily warps into an impossible shape!
You impale the purple draconian!!
Space warps around the purple draconian.
You puncture the orb of fire!
You destroy the orb of fire!
* * * LOW MAGIC WARNING * * *
Found a +0 ring mail.
The purple draconian breathes dispelling energy at you.
The bolt of dispelling energy hits you!!
You hit the purple draconian but do no damage.
The purple draconian is devoured by a tear in reality.
No target in view!
No target in view!
No target in view!
No target in view!
You feel less contaminated with magical energies.
Your magical contamination has completely faded away.
A storm dragon is nearby!
A storm dragon is nearby!
A storm dragon is nearby!
A storm dragon is nearby!
The storm dragon breathes lightning at you.
The bolt of lightning misses you.
You puncture the storm dragon!
Space warps horribly around the storm dragon!
The storm dragon is moderately wounded.
You puncture the storm dragon!
Space warps around the storm dragon.
The storm dragon is moderately wounded.
You block the storm dragon's attack. x3
You puncture the storm dragon!
Space warps horribly around the storm dragon!!
The storm dragon is severely wounded.
You block the storm dragon's attack. x2
The storm dragon tramples you but does no damage.
You impale the storm dragon!!
You kill the storm dragon!
No target in view!
Ashenzari invites you to partake of a vision and a curse of cunning and devices.
You see here the Orb of Zot.
You now have 5632 gold pieces (gained 21).
Done exploring.
Done exploring.
Done exploring.
You feel extremely strange.
You feel frail.
You no longer become unable to read scrolls after taking damage.
You feel healthier.
You feel weaker.
Large bone plates grow over parts of your arms.
You feel weirdly uncertain.
You feel extremely strange.
You feel more energetic.
You feel stable.
You feel agile.
You feel less energetic.
You feel extremely strange.
You feel a little more calm.
Your large bone plates disappear.
You no longer become unable to drink potions after taking damage.
Your fingernails lengthen.
You feel extremely strange.
Your fingernails shrink to normal size.
You feel stronger.
Iridescent scales grow over part of your body.
You feel your magical essence link to the dungeon's wands.
You feel extremely strange.
Your iridescent scales disappear.
You feel more energetic.
Iridescent scales grow over part of your body.
You feel resistant to poisons.
Unknown command.
Done exploring.
Done exploring.
Done exploring.
Okay, then.
Your amulet of Departure {RegenMP rN+ Will+ Int+5 Dex+3} glows black for a moment.
You see here the Orb of Zot.
You pick up the Orb of Zot!
The Orb lets out an ear-shattering shriek!
The lords of Pandemonium are not amused.
Beware!
Now all you have to do is get back out of the dungeon!
You enter a permanent teleport trap!
Your surroundings suddenly seem different.
There is a stone staircase leading up here.
You climb upwards.
There is a stone staircase leading down here.
You see here a +0 mace.
A seraph, 2 angels and a daeva come into view.
The seraph is wielding a +8 great sword of flaming.
An angel is wielding a +3 whip of holy wrath.
An angel is wielding a +2 whip of holy wrath.
The daeva is wielding a +4 scimitar of holy wrath.
Things that are here:
a +0 cloak; a storm dragon skeleton You feel yourself speed up.
The angel shouts! x2; The daeva shouts!
You feel very mighty all of a sudden.
The seraph gestures.
The seraph begins to accept its allies' injuries.
Space momentarily warps into an impossible shape!
You impale the angel!!
Space warps around the angel.
You hit the seraph but do no damage.
Space warps around the seraph.
You impale the angel!!
Space warps horribly around the angel!
The daeva blocks your attack.
Space momentarily warps into an impossible shape!
You puncture the seraph!
Space warps horribly around the seraph!
The daeva blocks your attack.
You stick the angel like a pincushion!!!
You completely miss the angel.
The seraph gestures.
Space momentarily warps into an impossible shape!
The daeva blocks your attack.
You completely miss the angel. You impale the cherub!!
Space warps horribly around the cherub.
You puncture the angel!
Space warps horribly around the angel!!
Space momentarily warps into an impossible shape!
You impale the cherub!!
Space warps around the cherub.
You miss the angel. You puncture the seraph! You spit the daeva like a pig!!!
The daeva blinks!
The seraph blinks!
The daeva calls down the wrath of the Shining One upon you.
The Shining One smites you!
Space momentarily warps into an impossible shape!
You hit the angel. You closely miss the seraph. You impale the angel!!
The angel blinks!
The cherub unwields a +1 falchion of flaming.
It stops flaming.
The cherub wields a +0 shortbow.
The cherub shoots an arrow.
You block the arrow. You block the angel's attack. x2
The seraph shouts a warning to its allies!
Space momentarily warps into an impossible shape!
You impale the daeva!!
The daeva is devoured by a tear in reality.
You perforate the angel like a sieve!!!
Space warps around the angel.
You puncture something!
Space warps around something.
You perforate the angel like a sieve!!!
Space warps around the angel.
The cherub dissolves into sparkling lights!
You feel a bit more experienced.
Training target 27.0 for Spellcasting reached!
Space momentarily warps into an impossible shape!
You closely miss the angel. You miss the angel. The angel closely misses you.
The angel hits you but does no damage.
You closely miss the angel.
The angel is almost dead.
You block the angel's attack. x2
You hit the angel.
Space warps around the angel.
The angel is almost dead.
You puncture the angel!
You kill the angel!
You closely miss the angel.
The angel is heavily wounded.
You impale the angel!!
Space warps horribly around the angel!
The angel is almost dead.
The angel gestures.
The angel is healed somewhat.
You puncture the angel!
Space warps around the angel.
The angel is almost dead.
You miss the angel.
The angel is almost dead.
The angel hits you with a +3 whip of holy wrath.
You block the angel's attack. You block the angel's attack. x2
There is a stone staircase leading up, spattered with blood here.
Things that are here:
a +2 whip of holy wrath; a +0 robe You impale the angel!!
You kill the angel!
No target in view!
You climb upwards.
There is a stone staircase leading down here.
There is an open door here.
There is an open door here.
HP restored.
There is a stone staircase leading up here.
You climb upwards.
Your extra speed is starting to run out.
There is a stone staircase leading down here.
You feel yourself slow down.
Magic restored.
You sense a monster nearby.
A green death and an ancient lich come into view.
There is a stone staircase leading up here.
The green death roars!
The ancient lich shouts!
You climb upwards.
There is a stone staircase leading down here.
You feel a little less mighty now.
Things that are here:
quicksilver dragon scales; a quicksilver dragon skeleton
There is a gate leading back out of this place here.
You go up through the gate.
Welcome back to the Depths!
There is a gate to the Realm of Zot here.
Things that are here:
+0 ice dragon scales; an ice dragon skeleton
There is an open door, spattered with blood here.
You see here a golden dragon skeleton.
Things that are here:
a +0 chain mail; a +1 demon trident
Things that are here:
a +1 mace of holy wrath; a purple draconian skeleton
Things that are here:
a +0 cloak; a +3 battleaxe of freezing You sense a monster nearby.
You can't go up here!
There is an open door here.
Things that are here:
a +0 chain mail; a +3 battleaxe of draining
There is an open door here.
You open the door.
There is an open door here.
There is a stone staircase leading up here.
You climb upwards.
There is a stone staircase leading down here.
Aiming: Dig
Press: ? - help, Shift-Dir - straight line You can't see that place. [a rock wall.]
You feel a surge of power!
The rock shatters into small pieces.
Magic restored.
There is a stone staircase leading up here.
You climb upwards.
There is a stone staircase leading down here.
A chaos spawn comes into view.
You can't go up here!
Things that are here:
a +0 dire flail; a +0 dire flail; an ettin skeleton
There is a stone staircase leading up, spattered with blood here.
You impale the chaos spawn!!
Space warps horribly around the chaos spawn!
You kill the chaos spawn!
The chaos spawn degenerates into a cloud of primal chaos!
You climb upwards.
There is a stone staircase leading down here.
There is an open door, spattered with blood here.
You see here a very ugly thing skeleton.
A Tzitzimitl comes into view.
There is a staircase back to the Dungeon here.
You climb upwards.
Welcome back to the Dungeon!
Level annotation: Roxanne
There is a staircase to the Depths here.
You see here a +1 great sword of flaming.
There is a stone staircase leading up here.
You climb upwards.
There is a stone staircase leading down here.
You see here a serpent talisman.
There is a stone staircase leading up here.
You climb upwards.
A reaper comes into view. It is wielding a +2 scythe of freezing.
There is a stone staircase leading down here.
A reaper is nearby!
You closely miss the reaper. You barely miss the reaper. You hit the reaper.
The reaper is lightly wounded.
The reaper blinks!
You spit the reaper like a pig!!!
Space warps horribly around the reaper!
The reaper is almost dead.
The reaper hits you but does no damage.
You puncture the reaper!
You kill the reaper!
What level of the Dungeon? (default 13, ? - help)
Okay, then.
There is an open door here.
There is an open door here.
There is a stone staircase leading up here.
You climb upwards.
A sun demon comes into view.
There is a stone staircase leading down here.
You puncture the sun demon!
Space warps around the sun demon.
The sun demon is moderately wounded.
You impale the sun demon!!
Space warps horribly around the sun demon!
You kill the sun demon!
No target in view!
No target in view!
No target in view!
No target in view!
No target in view!
You sense a monster nearby.
A reaper, a small abomination and a lorocyproca come into view.
The reaper is wielding a +2 scythe of venom.
There is a stone staircase leading up here.
You climb upwards.
There is a stone staircase leading down here.
There is a stone staircase leading up here.
You climb upwards.
There is a stone staircase leading down here.
There is an open door here.
You open the door.
There is an open door here.
There is a stone staircase leading up here.
You climb upwards.
There is a stone staircase leading down here.
There is a stone staircase leading up here.
You climb upwards.
There is a stone staircase leading down here.
A Brimstone Fiend comes into view.
Space momentarily warps into an impossible shape!
You hit the Brimstone Fiend.
The Brimstone Fiend blinks!
The Brimstone Fiend moves out of view.
A Brimstone Fiend is nearby!
Space momentarily warps into an impossible shape!
You closely miss the Brimstone Fiend.
Space momentarily warps into an impossible shape!
You hit the Brimstone Fiend.
Space warps horribly around the Brimstone Fiend!!
Space momentarily warps into an impossible shape!
You skewer the Brimstone Fiend like a kebab!!!
You puncture the Brimstone Fiend!
Space warps horribly around the Brimstone Fiend!
The Brimstone Fiend is almost dead.
You impale the Brimstone Fiend!!
You kill the Brimstone Fiend!
Your base Shapeshifting skill increases to level 8!
A Tzitzimitl comes into view.
Space momentarily warps into an impossible shape!
You impale the Tzitzimitl!!
Space warps around the Tzitzimitl.
Space momentarily warps into an impossible shape!
You hit the Tzitzimitl.
Space warps horribly around the Tzitzimitl!
Space momentarily warps into an impossible shape!
You barely miss the Tzitzimitl. The Tzitzimitl gestures at you.
The bolt of negative energy misses you.
Space momentarily warps into an impossible shape!
You hit the Tzitzimitl.
Space warps around the Tzitzimitl!
Space momentarily warps into an impossible shape!
You puncture the Tzitzimitl!
Space momentarily warps into an impossible shape!
You hit the Tzitzimitl but do no damage.
Space warps horribly around the Tzitzimitl!
Space momentarily warps into an impossible shape!
You puncture the Tzitzimitl!
The Tzitzimitl blinks!
A Tzitzimitl is nearby!
Space momentarily warps into an impossible shape!
You impale the Tzitzimitl!!
You kill the Tzitzimitl!
You see here a +0 pair of gloves.
You sense a monster nearby.
There is a stone staircase leading up here.
You climb upwards.
Level annotation: 3 runed translucent doors
There is a stone staircase leading down here.
The polar bear growls angrily.
The wyvern hisses angrily.
You hear an angry growl.
You hear a bellow!
You hear a bleat!
The yak bellows!
The death yak bellows!
You hear an angry growl.
A tormentor comes into view.
You impale the tormentor!!
Space warps around the tormentor.
The tormentor is severely wounded.
You closely miss the tormentor.
The tormentor is severely wounded.
You barely miss the tormentor.
The tormentor is severely wounded.
You closely miss the tormentor.
The tormentor is severely wounded.
You block the tormentor's attack. x2
You barely miss the tormentor.
The tormentor is severely wounded.
You block the tormentor's attack. The tormentor completely misses you.
You perforate the tormentor like a sieve!!!
You kill the tormentor!
Magic restored.
There is a stone staircase leading up here.
You climb upwards.
A Tzitzimitl comes into view.
There is a stone staircase leading down here.
Space momentarily warps into an impossible shape!
You puncture the Tzitzimitl!
Space warps horribly around the Tzitzimitl!
Space momentarily warps into an impossible shape!
You hit the Tzitzimitl.
Space warps horribly around the Tzitzimitl!
Space momentarily warps into an impossible shape!
You closely miss the Tzitzimitl.
Space momentarily warps into an impossible shape!
You barely miss the Tzitzimitl.
Space momentarily warps into an impossible shape!
You hit the Tzitzimitl.
Space momentarily warps into an impossible shape!
You puncture the Tzitzimitl!
Space warps around the Tzitzimitl.
Space momentarily warps into an impossible shape!
You hit the Tzitzimitl but do no damage.
Space warps horribly around the Tzitzimitl!!
Space momentarily warps into an impossible shape!
You spit the Tzitzimitl like a pig!!!
You kill the Tzitzimitl!
There is a stone staircase leading up, spattered with blood here.
You climb upwards.
Level annotation: exclusion: door
There is a stone staircase leading down here.
There is a stone staircase leading up here.
You climb upwards.
There is a stone staircase leading down here.
A reaper comes into view. It is wielding a +2 scythe of venom.
You puncture the reaper!
Space warps around the reaper.
The reaper is moderately wounded.
You hit the reaper.
Space warps around the reaper!
The reaper is heavily wounded.
You hit the reaper.
The reaper is heavily wounded.
You hit the reaper.
The reaper is devoured by a tear in reality.
No target in view!
Magic restored.
There is a large open door here.
There is a large open door here.
You see here an adder skeleton.
There is a stone staircase leading up here.
You climb upwards.
There is a stone staircase leading down here.
You see here 8 stones.
Items here: )))) [ ÷÷÷.
A sixfirhy comes into view.
The sixfirhy hits you but does no damage.
You block the sixfirhy's attack.
You impale the sixfirhy!!
Space warps around the sixfirhy.
The sixfirhy is severely wounded.
You block the sixfirhy's attack.
You stick the sixfirhy like a pincushion!!!
You kill the sixfirhy!
No target in view!
There is a stone staircase leading up here.
You see here a +0 club.
You climb upwards.
You sense a monster nearby.
There is a stone staircase leading down here.
An angel comes into view. It is wielding a +2 whip of holy wrath.
An angel is nearby!
You feel yourself speed up.
Things that are here:
4 stones; a +0 leather armour; a +0 club Kaprideo comes into view.
It is armed with a chaotic touch. 2 green deaths and a quasit come into view.
The green death roars! x2
You see here a +0 flail.
You feel very mighty all of a sudden.
Press: ? - help, v - describe, . - travel
Here: Kaprideo, armed with a chaotic touch (surrounded by chaotic energy)
The floor.
Unknown command.
Unknown command.
Unknown command.
Unknown command.
Unknown command.
Space momentarily warps into an impossible shape!
You impale the quasit!!
You kill the quasit!
You puncture the green death!
The green death is devoured by a tear in reality.
You puncture the green death!
Space warps horribly around the green death!
You impale Kaprideo!!
Space warps horribly around Kaprideo.
You block the angel's attack. The angel hits you but does no damage.
The green death is engulfed in seething chaos.
The green death seems to speed up.
Space momentarily warps into an impossible shape!
You perforate Kaprideo like a sieve!!!
Space warps around Kaprideo.
You impale the angel!!
Space warps around the angel.
Space momentarily warps into an impossible shape!
You closely miss the angel. You closely miss Kaprideo.
You block the angel's attack. x2
Space momentarily warps into an impossible shape!
You impale the green death!!
Space warps horribly around the green death.
You impale the angel!! You miss Kaprideo.
The angel blinks!
Space momentarily warps into an impossible shape!
You puncture the green death!
Space warps around the green death!
You kill the green death!
You puncture Kaprideo!
Space warps horribly around Kaprideo!
You puncture the angel!
Space warps around the angel.
Space momentarily warps into an impossible shape!
You impale the angel!!
Space warps horribly around the angel!
You closely miss Kaprideo.
You are engulfed in seething chaos.
You feel protected. You block Kaprideo's attack.
Space momentarily warps into an impossible shape!
You impale the angel!!
You kill the angel!
You impale Kaprideo!!
Space warps around Kaprideo.
You are engulfed in seething chaos.
You puncture Kaprideo!
Kaprideo is severely wounded.
Kaprideo blinks!
You are engulfed in seething chaos.
You feel your attacks grow feeble.
You closely miss Kaprideo.
Kaprideo is severely wounded.
You are engulfed in seething chaos.
You blink.
You puncture Kaprideo!
Kaprideo is severely wounded.
Kaprideo blinks!
You closely miss Kaprideo.
Kaprideo is severely wounded.
You closely miss Kaprideo.
Kaprideo is severely wounded.
You completely miss Kaprideo.
Kaprideo is severely wounded.
You are engulfed in seething chaos.
You feel yourself slow down. You block Kaprideo's attack.
You hit Kaprideo.
Space warps horribly around Kaprideo!
Kaprideo is severely wounded.
You are engulfed in seething chaos.
You feel mightier all of a sudden. You block Kaprideo's attack.
You hit Kaprideo.
Kaprideo is severely wounded.
Kaprideo blinks!
You are engulfed in seething chaos.
You closely miss Kaprideo.
Kaprideo is severely wounded.
You are engulfed in seething chaos.
You perforate Kaprideo like a sieve!!!
Kaprideo is almost dead.
Kaprideo blinks!
You are engulfed in seething chaos.
You feel as though you will be slow longer.
You puncture Kaprideo!
Kaprideo is almost dead.
You are engulfed in seething chaos.
You puncture Kaprideo!
You kill Kaprideo!
You are engulfed in seething chaos.
You're standing in a cloud of seething chaos!
Things that are here:
a +2 whip of holy wrath; a +0 robe You see here a +0 flail.
Your extra speed is starting to run out.
You feel yourself slow down.
Your attacks no longer feel as feeble.
There is a stone staircase leading up here.
You climb upwards.
There is a stone staircase leading down here.
Okay, then.
Magic restored.
An Ice Fiend comes into view.
Space momentarily warps into an impossible shape!
You puncture the Ice Fiend!
The Ice Fiend blinks!
Space momentarily warps into an impossible shape!
You completely miss the Ice Fiend. You impale the Ice Fiend!!
The Ice Fiend is moderately wounded.
The Ice Fiend gestures at you. The bolt of cold misses you.
You puncture the Ice Fiend!
The Ice Fiend is heavily wounded.
You stick the Ice Fiend like a pincushion!!!
The Ice Fiend is almost dead.
The Ice Fiend blinks!
You puncture the Ice Fiend!
The Ice Fiend is almost dead.
The Ice Fiend blinks!
You impale the Ice Fiend!!
You kill the Ice Fiend!
You feel a little less mighty now.
A glowing orange brain comes into view.
Aiming: Dig
Press: ? - help, Shift-Dir - straight line You can't see that place. [a rock wall.]
You feel a surge of power!
The rock shatters into small pieces.
There is a staircase leading out of the dungeon here.
You have escaped!

### ### ###
####......##....#..
##...........#..
#..............
#............##
#............##
############...
#♣#♣# #.........
##.♣.## #.........
#P#@.P#####.........
##P.P...............
#P♣.♣P#G###.........
#♣...♣#.# #.........
#.....#.# #..(......
#.~ß~.#.# #.........
#.~~~.#.# #######.##
#.~#~.#.# #.#
#+###'#G#########.#


You could see a glowing orange brain.

Vanquished Creatures
  the Royal Jelly (Slime:5)
  A seraph (Zot:4)
  3 dread liches
  5 ancient liches
  3 orbs of fire (Zot:5)
  Mara (Depths:2)
  A pandemonium lord (D:2)
  2 Killer Klowns
  10 golden dragons
  A Brimstone Fiend (D:8)
  8 bone dragons (Abyss:3)
  The ghost of Posi the Brawler, an adept DrSh of Yredelemnul (Vaults:3)
  2 Tzitzimimeh
  2 electric golems
  A doom hound (Crypt:1)
  Jorgrun (Spider:1)
  18 tentacled monstrosities
  An Ice Fiend (D:1)
  A Hell Sentinel (Abyss:3)
  22 Orb Guardians
  6 liches
  2 deep elf blademasters
  7 quicksilver dragons
  A walking earthen tome (Abyss:2)
  6 sphinxes
  4 titans
  A deep elf master archer (Elf:3)
  Asterion (Depths:2)
  A walking divine tome (Depths:4)
  An Executioner (Abyss:3)
  An ancient champion (Crypt:1)
  Frances (Abyss:2)
  The ghost of Xedevy the Bewitcher, an adept KoEn of Dithmenos (Depths:2)
  18 acid blobs
  Gastronok (Lair:2)
  21 tentacled starspawn (Abyss:3)
  7 death cobs
  A thorn hunter (Swamp:4)
  Kirke (D:15)
  Donald (Spider:1)
  6 draconian knights
  7 shadow dragons
  8 tengu reavers
  13 storm dragons
  3 revenants
  6 fire giants
  3 protean progenitors
  9 draconian monks
  9 azure jellies
  12 rockslimes
  5 draconian scorchers
  3 iron dragons
  6 frost giants
  2 balrugs
  3 angels
  10 deep elf sorcerers
  Louise (Spider:3)
  3 deep elf elementalists
  2 draconian shifters
  2 imperial myrmidons (Desolation)
  14 vault wardens
  6 ghost moths
  A caustic shrike zombie (Crypt:3)
  3 reapers
  7 emperor scorpions
  3 spriggan defenders
  A draconian stormcaller (Zot:2)
  A cacodemon (Abyss:3)
  14 stone giants
  16 ironbound preservers
  4 broodmothers (Spider:4)
  2 starflowers (Abyss:3)
  6 draconian annihilators
  16 quicksilver oozes
  21 very ugly things
  5 ironbound thunderhulks
  A caustic shrike skeleton (Abyss:3)
  4 vampire knights
  A formless jellyfish (Vaults:4)
  8 deep elf demonologists
  10 deep elf death magi
  5 green draconians
  8 black draconians
  4 eleionomae
  3 halazid warlocks (Desolation)
  5 purple draconians
  5 deep elf annihilators
  3 lorocyprocas (Abyss:3)
  5 war gargoyles
  8 white draconians
  A minotaur (Gauntlet)
  5 red draconians
  4 bunyips
  10 dire elephants
  6 yellow draconians
  9 spark wasps
  2 green deaths
  4 eidola (Crypt:1)
  Snorg (Abyss:1)
  13 ettins
  6 entropy weavers
  A quicksilver dragon zombie (Abyss:3)
  4 jiangshi
  14 crystal guardians
  A blizzard demon (Abyss:3)
  8 deep elf high priests
  2 spriggan zombies
  18 yaktaur captains
  11 fire dragons
  32 vault guards
  2 shambling mangroves (Swamp:3)
  3 ragged hierophants
  20 hydras
  7 servants of whispers
  12 great orbs of eyes
  4 ogre magi
  Erica (Abyss:3)
  8 peacekeepers
  7 ice dragons
  11 alligators
  A jorogumo (Spider:3)
  6 rakshasas
  2 centaur warriors
  6 ironbound frosthearts
  11 boulder beetles
  2 ghost crabs
  A radroach (Spider:3)
  A catoblepas (Lair:4)
  7 deep troll earth magi
  34 dancing weapons
  2 death knights
  9 demonic crawlers
  9 two-headed ogres
  A naga warrior (Abyss:3)
  An Orb Guardian skeleton (Crypt:2)
  26 thrashing horrors
  9 deep troll shamans
  2 hell hogs (Depths:2)
  A titan zombie (Crypt:1)
  3 vampire magi
  16 sun demons
  3 occultists
  39 hell knights
  2 orc high priests (Orc:2)
  Sonja (D:10)
  4 tengu warriors
  13 deep elf knights
  A shock serpent (shapeshifter) (Vaults:5)
  9 iron trolls
  2 spriggan berserkers
  A soul eater (Crypt:1)
  2 shadow wraiths
  4 goliath frogs
  23 wretched stars
  27 skeletal warriors
  A skyshark (Lair:4)
  A fire crab (shapeshifter) (Vaults:5)
  2 sixfirhies
  3 spatial maelstroms (Abyss:3)
  4 flayed ghosts
  A death drake (Abyss:3)
  2 pharaoh ants
  An anaconda zombie (Crypt:1)
  A quicksilver dragon simulacrum (Abyss:3)
  A bunyip zombie (Abyss:3)
  43 large abominations
  A shadow demon (Abyss:3)
  A glowing orange brain (shapeshifter) (Depths:3)
  An iron giant zombie (Abyss:3)
  5 spriggan druids
  5 glowing orange brains
  8 orb spiders
  2 mana vipers (Abyss:3)
  An orange crystal statue (Depths:2)
  57 deep trolls
  7 swamp dragons
  An orb spider (shapeshifter) (Vaults:4)
  A lindwurm (shapeshifter) (Vaults:1)
  22 ironbound convokers
  Pikel (Abyss:3)
  7 phantasmal warriors
  8 bog bodies
  8 steelbarb worms
  6 arcanists
  14 deep elf archers
  29 deep elf pyromancers
  6 lindwurms
  21 necromancers
  A tengu zombie (Vaults:1)
  59 starcursed masses
  4 harpies (Vaults:2)
  A shadow dragon skeleton (Vaults:4)
  5 orc sorcerers
  33 deep elf zephyrmancers
  A tengu skeleton (Vaults:4)
  An orc knight (Vaults:5)
  2 cyclopes
  15 wolf spiders
  A shining eye (shapeshifter) (Depths:1)
  14 worldbinders
  24 moths of wrath
  8 will-o-the-wisps
  48 ugly things
  5 shining eyes
  A faun (shapeshifter) (Vaults:5)
  2 meliai (shapeshifter)
  An ice statue (IceCv)
  7 meliai
  3 guardian serpents
  A draconian skeleton (Crypt:1)
  9 eyes of devastation
  3 black mambas
  18 smoke demons
  A naga zombie (Abyss:3)
  105 slime creatures
  A rust devil (Abyss:3)
  An elephant (Gauntlet)
  6 apocalypse crabs
  15 vault sentinels
  An eye of devastation (shapeshifter) (Depths:3)
  2 black mambas (shapeshifter)
  2 molten gargoyles
  6 torpor snails
  2 kobold demonologists
  A dire elephant skeleton (Crypt:3)
  Maggie (Lair:2)
  12 cane toads
  3 hellions (Abyss:3)
  An unseen horror (shapeshifter) (Elf:1)
  6 orange demons (Abyss:3)
  12 rime drakes
  A centaur skeleton (Crypt:3)
  A rime drake (shapeshifter) (D:15)
  2 unseen horrors
  10 komodo dragons
  35 yaktaurs
  2 anaconda simulacra
  6 efreet
  5 freezing wraiths
  5 tengu conjurers
  An alligator snapping turtle skeleton (Crypt:1)
  A tormentor (D:7)
  13 ancient zymes
  Psyche (D:9)
  An ice devil (Abyss:3)
  11 trolls
  A hydra zombie (Crypt:3)
  A merfolk (shapeshifter) (Depths:3)
  A wind drake (shapeshifter) (Vaults:5)
  A tarantella (shapeshifter) (Vaults:5)
  A tyrant leech (shapeshifter) (Vaults:4)
  2 bloated husks
  6 hellwings
  A polar bear (D:8)
  10 tarantellas
  A raiju (shapeshifter) (Elf:2)
  10 hornets
  45 saltlings
  13 tyrant leeches
  43 raiju
  2 glass eyes
  29 blink frogs
  2 ettin zombies
  5 harpy skeletons
  5 dream sheep (Lair:3)
  A satyr zombie (Crypt:1)
  17 jumping spiders
  A blink frog (shapeshifter) (Elf:1)
  3 ettin skeletons
  A fire dragon zombie (Crypt:3)
  Sigmund (D:6)
  A centaur simulacrum (D:14)
  An air elemental (Elf:1)
  17 culicivoras
  2 wyverns
  A culicivora (shapeshifter) (D:14)
  7 spriggans
  3 water elementals
  2 shadows
  16 ynoxinuls
  4 fire elementals
  5 vampires
  A yak (shapeshifter) (Abyss:1)
  46 yaks
  3 basilisks
  Eustachio (D:6)
  A black mamba skeleton (Abyss:3)
  10 fire bats
  4 golden eyes
  7 hogs (D:15)
  6 wraiths
  7 neqoxecs (Abyss:3)
  2 steam dragons
  A human simulacrum (Vaults:1)
  26 redbacks
  A redback (shapeshifter) (Vaults:2)
  16 vampire mosquitoes
  13 chaos spawn
  7 swamp worms
  A harpy simulacrum (Abyss:3)
  A glowing shapeshifter zombie (Crypt:2)
  5 acid dragons
  5 spatial vortices (Abyss:3)
  2 nagas (Abyss:3)
  5 hell hounds
  7 water moccasins
  Duvessa (D:6)
  9 swamp drakes
  2 hydra simulacra
  14 orc warriors
  2 sky beasts
  5 ice beasts
  43 laughing skulls
  12 wolves
  A boggart (Vaults:4)
  A crocodile (shapeshifter) (Abyss:3)
  33 small abominations
  7 ogres
  A centaur (D:7)
  A dream sheep skeleton (Crypt:1)
  A lemure (D:5)
  A swamp dragon skeleton (Crypt:2)
  A phantom (D:4)
  4 kobold brigands
  14 weeping skulls (Abyss:3)
  3 earth elementals
  A gnoll sergeant (D:11)
  2 yaktaur zombies (Crypt:1)
  10 brain worms (Abyss:3)
  10 bullfrogs
  A human zombie (Vaults:1)
  3 scorpions
  2 human skeletons
  A warg skeleton (Crypt:1)
  4 wights (Abyss:3)
  Dowan (D:6)
  12 killer bees
  2 lindwurm simulacra (IceCv)
  3 howler monkeys
  A lava snake (Swamp:4)
  8 komodo dragon simulacra (IceCv)
  8 quasits
  22 orc priests
  3 gnoll boudas
  5 hounds
  A jelly (D:5)
  8 iron imps
  Ijyb (D:5)
  A basilisk skeleton (Crypt:1)
  7 iguanas
  35 orc wizards
  19 hell rats
  A deep dwarf zombie (Crypt:2)
  An ogre skeleton (Crypt:1)
  Robin (D:3)
  19 gnolls
  A howler monkey skeleton (Crypt:2)
  5 acid dragon simulacra (IceCv)
  12 adders
  5 river rats (Lair:5)
  18 white imps
  6 steam dragon simulacra (IceCv)
  7 ufetubi
  3 ribbon worms
  11 dart slugs
  56 orcs
  7 bats
  2 endoplasms
  2 giant cockroaches
  13 goblins
  7 hobgoblins
  5 jackals (D:1)
  20 kobolds
  2 quokkas
  8 ball pythons
  2 frilled lizards (D:3)
  A gnoll zombie (Crypt:2)
  11 rats
  4 lurking horrors
  37 starspawn tentacles (Abyss:3)
2825 creatures vanquished.

Vanquished Creatures (others)
  A rakshasa (Abyss:3)
  2 deep elf knights (Elf:3)
  A titan skeleton (Abyss:3)
  A large abomination (Abyss:3)
  2 deep elf pyromancers
  A will-o-the-wisp (Swamp:4)
  A hellwing (Abyss:1)
  A water elemental (Elf:1)
  3 swamp drakes (Swamp:4)
  A small abomination (Abyss:3)
  A weeping skull (Abyss:3)
  An orc wizard (Orc:2)
  24 foxfires
  A lurking horror (Abyss:3)
  34 starspawn tentacles (Abyss:3)
75 creatures vanquished.

Grand Total: 2900 creatures vanquished

Notes
Turn   | Place    | Note
-------+----------+-------------------------------------------
     0 | D:5      | sleeves the Mountain Dwarf Delver began the quest for the
                  | Orb.
     0 | D:5      | Reached XP level 1. HP: 19/19 MP: 1/1
     3 | D:6      | Noticed Duvessa
     3 | D:6      | Noticed Dowan
     3 | D:6      | Noticed a scorpion
    58 | D:5      | Noticed a howler monkey
    75 | D:5      | HP: 5/19 [howler monkey (6)]
    77 | D:5      | Killed a howler monkey
    78 | D:5      | Reached skill level 3 in Polearms
    78 | D:5      | Reached XP level 2. HP: 8/26 MP: 2/2
    78 | D:5      | Reached XP level 3. HP: 9/31 MP: 3/3
   277 | D:5      | Reached skill level 4 in Polearms
   283 | D:5      | Noticed Ijyb
   414 | D:5      | Reached XP level 4. HP: 20/38 MP: 4/4
   492 | D:5      | Noticed an ogre
  1333 | D:4      | Reached skill level 5 in Polearms
  1454 | D:3      | HP: 19/38 [ribbon worm (6)]
  1870 | D:1      | Reached XP level 5. HP: 45/45 MP: 5/5
  2009 | D:1      | Found a faded altar of an unknown god.
  3407 | D:2      | HP: 22/45 [scorpion (1)]
  3412 | D:2      | HP: 17/45 [poisoned by a scorpion]
  3416 | D:2      | HP: 7/45 [poisoned by a scorpion]
  3417 | D:2      | Reached skill level 6 in Polearms
  3671 | D:3      | Reached XP level 6. HP: 51/51 MP: 6/6
  3850 | D:3      | Noticed Robin
  3928 | D:3      | Killed Robin
  4091 | D:3      | Found a basalt altar of Yredelemnul.
  4529 | D:4      | Reached skill level 7 in Polearms
  4987 | D:5      | Reached XP level 7. HP: 53/57 MP: 7/7
  5053 | D:5      | Reached skill level 8 in Polearms
  5292 | D:5      | Found a bloodstained altar of Trog.
  5506 | D:5      | HP: 27/57 [disintegration (19)]
  5509 | D:5      | HP: 3/57 [disintegration (15)]
  5781 | D:5      | Killed Ijyb
  5923 | D:5      | Found a staircase to the Ecumenical Temple.
  5940 | D:5      | Reached skill level 9 in Polearms
  6085 | Temple   | Entered the Ecumenical Temple
  6090 | Temple   | Became a worshipper of Ashenzari the Shackled
  6146 | D:5      | Found a hazy altar of Hepliaklqana.
  6146 | D:5      | Found a glowing golden altar of the Shining One.
  6146 | D:5      | Found a radiant altar of Vehumet.
  6146 | D:5      | Found a hide-covered altar of Uskayaw.
  6154 | D:5      | Found an ancient bone altar of Kikubaaqudgha.
  6154 | D:5      | Found a shimmering altar of Xom.
  6382 | D:6      | Noticed Eustachio
  6395 | D:6      | Noticed Pikel
  7019 | D:5      | Reached skill level 1 in Armour
  7019 | D:5      | Reached skill level 1 in Shields
  7019 | D:5      | Reached XP level 8. HP: 47/63 MP: 8/8
  7180 | D:5      | Identified 2 scrolls of acquirement
  7193 | D:5      | Acquired 840 gold pieces
  7195 | D:5      | Acquired the +8 demon trident "Rift" {distort, reach+}
  7195 | D:5      | Found the +8 demon trident "Rift" {distort, reach+}
  7345 | D:6      | Reached skill level 2 in Armour
  7345 | D:6      | Reached skill level 2 in Shields
  7415 | D:5      | Banished Pikel
  7416 | D:5      | Reached skill level 10 in Polearms
  7416 | D:5      | Reached skill level 3 in Armour
  7416 | D:5      | Reached skill level 3 in Shields
  7532 | D:6      | Killed Eustachio
  7533 | D:6      | Reached skill level 4 in Armour
  7533 | D:6      | Reached skill level 4 in Shields
  7624 | D:6      | Killed Duvessa
  7625 | D:6      | Reached XP level 9. HP: 67/70 MP: 9/9
  7633 | D:6      | Killed Dowan
  7740 | D:6      | Found a blossoming altar of Fedhas.
  7911 | D:6      | Noticed Sigmund
  7936 | D:6      | Killed Sigmund
  7937 | D:6      | Reached skill level 5 in Armour
  7939 | D:6      | Reached skill level 5 in Shields
  8158 | D:7      | HP: 29/70 [wyvern (15)]
  8309 | D:7      | Found a burning altar of Makhleb.
  8309 | D:7      | Noticed a blizzard demon
  8343 | D:7      | Reached skill level 11 in Polearms
  8347 | D:7      | Reached skill level 6 in Armour
  8347 | D:7      | Reached skill level 6 in Shields
  8531 | D:7      | Found a runed translucent gate.
  8532 | D:7      | Found a runed translucent gate.
  8532 | D:7      | Noticed a death yak
  8535 | D:7      | Found a runed translucent gate.
  8536 | D:7      | Noticed a polar bear
  8536 | D:7      | Noticed a death yak
  8536 | D:7      | Noticed a manticore
  8537 | D:7      | Noticed a manticore
  8616 | D:7      | Noticed a polar bear
  8681 | D:7      | Noticed an orange demon
  8924 | D:8      | Found a sacrificial altar of Ru.
  9000 | D:8      | Noticed a polar bear
  9023 | D:8      | Killed a polar bear
  9024 | D:8      | Reached XP level 10. HP: 77/77 MP: 10/10
  9030 | D:8      | Noticed a two-headed ogre
  9043 | D:8      | Killed a two-headed ogre
  9044 | D:8      | Reached skill level 7 in Armour
  9044 | D:8      | Reached skill level 7 in Shields
  9207 | D:8      | Identified the ring of the Distant Future {^Drain rN+ Will+
                  | Str+3 Slay+6}
  9255 | D:8      | Found a staircase to the Lair.
  9463 | D:8      | Found a stormy altar of Qazlal.
  9467 | D:8      | Reached skill level 12 in Polearms
  9676 | D:9      | Reached skill level 8 in Armour
  9676 | D:9      | Reached skill level 8 in Shields
  9687 | D:9      | Noticed Psyche
  9696 | D:9      | Killed Psyche
  9793 | D:9      | Reached * piety under Ashenzari
 10168 | D:10     | Entered Level 10 of the Dungeon
 10184 | D:10     | Noticed Sonja
 10195 | D:10     | Killed Sonja
 10196 | D:10     | Reached skill level 9 in Armour
 10196 | D:10     | Reached skill level 9 in Shields
 10196 | D:10     | Reached XP level 11. HP: 85/85 MP: 11/11
 10356 | D:10     | Reached skill level 13 in Polearms
 10454 | D:10     | Noticed Snorg
 10463 | D:10     | Banished Snorg
 11096 | D:11     | Identified the +3 leather armour "Onebeuxex" {Rampage
                  | Int+2}
 11167 | D:11     | Reached skill level 10 in Armour
 11167 | D:11     | Reached skill level 10 in Shields
 11373 | D:11     | Learned a level 2 spell: Blink
 11513 | D:11     | Noticed a skeletal warrior
 11513 | D:11     | Noticed a skeletal warrior
 11513 | D:11     | Noticed a skeletal warrior
 11513 | D:11     | Noticed a skeletal warrior
 11541 | D:11     | Killed a skeletal warrior
 11569 | D:10     | Killed a skeletal warrior
 11751 | D:11     | Killed a skeletal warrior
 11752 | D:11     | Reached skill level 14 in Polearms
 11961 | D:11     | Noticed a boulder beetle
 11966 | D:11     | Killed a boulder beetle
 11967 | D:11     | Reached XP level 12. HP: 92/92 MP: 12/12
 11995 | D:11     | Reached skill level 11 in Armour
 11995 | D:11     | Reached skill level 11 in Shields
 12104 | D:12     | Found a frozen archway.
 12130 | IceCv    | Entered an ice cave
 12277 | IceCv    | Noticed an ice dragon
 12295 | IceCv    | Banished an ice dragon
 12455 | IceCv    | Reached skill level 12 in Armour
 12455 | IceCv    | Reached skill level 12 in Shields
 12758 | D:12     | Noticed a two-headed ogre
 12764 | D:12     | Killed a two-headed ogre
 12992 | D:12     | Found a staircase to the Orcish Mines.
 13102 | D:12     | Reached skill level 13 in Armour
 13102 | D:12     | Reached skill level 13 in Shields
 13281 | D:13     | Reached XP level 13. HP: 97/97 MP: 13/13
 14156 | D:14     | Found the sphere of Battle
 14158 | D:14     | Noticed a tengu reaver
 14166 | D:14     | Killed a tengu reaver
 14173 | D:14     | Reached skill level 14 in Shields
 14175 | D:14     | Reached skill level 14 in Armour
 14366 | D:14     | Found a gate to the Vaults.
 14677 | D:14     | Noticed a fire dragon
 14687 | D:14     | Reached skill level 1 in Spellcasting
 14687 | D:14     | Reached skill level 1 in Translocations
 14688 | D:14     | Killed a fire dragon
 14689 | D:14     | Reached skill level 4 in Fighting
 14823 | D:15     | Entered Level 15 of the Dungeon
 14823 | D:15     | Noticed Kirke
 14826 | D:15     | Noticed a fire giant
 14848 | D:15     | Killed Kirke
 14849 | D:15     | Reached skill level 2 in Spellcasting
 14849 | D:15     | Reached skill level 2 in Translocations
 14850 | D:15     | Found a gate leading to a gauntlet.
 14855 | Gauntlet | Entered a Gauntlet
 14855 | Gauntlet | Found a transporter.
 14855 | Gauntlet | Found a runed translucent door.
 14855 | Gauntlet | Found a runed translucent door.
 14855 | Gauntlet | Found a transporter.
 14855 | Gauntlet | Found a transporter.
 14865 | Gauntlet | Found a transporter.
 14868 | Gauntlet | Found a transporter.
 14876 | Gauntlet | Found a transporter.
 14878 | Gauntlet | Identified a lightning rod (4/4)
 14879 | Gauntlet | Found a transporter.
 14883 | Gauntlet | Noticed a dire elephant
 14887 | Gauntlet | Found a transporter.
 14887 | Gauntlet | Identified the +9 quarterstaff of the Spider {holy, Str+3}
 14905 | Gauntlet | Found a transporter.
 14910 | Gauntlet | Found a transporter.
 14913 | Gauntlet | Found a transporter.
 14915 | Gauntlet | Found a runed translucent gate.
 14915 | Gauntlet | Found a runed translucent gate.
 14916 | Gauntlet | Found a large runed translucent door.
 14916 | Gauntlet | Found a large runed translucent door.
 14917 | Gauntlet | Found a large runed translucent door.
 14918 | Gauntlet | Found a large runed translucent door.
 14919 | Gauntlet | Found a large runed translucent door.
 14919 | Gauntlet | Found a large runed translucent door.
 14919 | Gauntlet | Found a runed translucent door.
 14920 | Gauntlet | Found a large runed translucent door.
 14921 | Gauntlet | Found a large runed translucent door.
 14923 | Gauntlet | Found a transporter.
 14924 | Gauntlet | Found a runed translucent gate.
 14924 | Gauntlet | Found a runed translucent door.
 14962 | Gauntlet | Found a large runed translucent door.
 14962 | Gauntlet | Found a large runed translucent door.
 14963 | Gauntlet | Found a large runed translucent door.
 14964 | Gauntlet | Found a large runed translucent door.
 14965 | Gauntlet | Found a large runed translucent door.
 14965 | Gauntlet | Found a large runed translucent door.
 14966 | Gauntlet | Found a large runed translucent door.
 14967 | Gauntlet | Found a large runed translucent door.
 15130 | Gauntlet | Reached skill level 5 in Fighting
 15138 | Gauntlet | Banished a dire elephant
 15159 | Gauntlet | Noticed a minotaur
 15184 | Gauntlet | Killed a minotaur
 15185 | Gauntlet | Reached skill level 3 in Spellcasting
 15185 | Gauntlet | Reached skill level 3 in Translocations
 15190 | Gauntlet | Identified the +1 ring mail of Nythrerem {rElec rF+ rCorr
                  | SInv}
 15231 | D:15     | Found a staircase to the Depths.
 15321 | D:15     | HP: 48/105 [fire giant/bolt of fire (21)]
 15325 | D:15     | Killed a fire giant
 15326 | D:15     | Reached skill level 6 in Fighting
 15418 | D:15     | Identified the +5 scale mail of Insatiable Hunger {rPois
                  | Dex+4}
 15512 | D:15     | Reached skill level 4 in Spellcasting
 15512 | D:15     | Reached skill level 4 in Translocations
 15512 | D:15     | Reached XP level 14. HP: 104/114 MP: 21/21
 15564 | D:15     | Noticed Roxanne
 15608 | D:15     | Reached skill level 7 in Fighting
 15627 | D:15     | Identified the +1 chain mail "Ziexoph" {^Contam Rampage
                  | Int+4}
 15739 | D:15     | Found a sparkling altar of Nemelex Xobeh.
 15956 | D:15     | Reached skill level 5 in Spellcasting
 15956 | D:15     | Reached skill level 5 in Translocations
 15997 | D:15     | Found Neeq's Distillery.
 16263 | Lair:1   | Entered Level 1 of the Lair of Beasts
 16693 | Lair:1   | Reached skill level 8 in Fighting
 16962 | Lair:1   | Identified the +9 short sword of Uraqix {holy, *Noise rC++
                  | rCorr Str+3}
 16962 | Lair:1   | Identified the +5 falchion "Dogic" {flame, rPois rC+ Will+
                  | Dex-3}
 17072 | Lair:2   | Noticed Gastronok
 17092 | Lair:2   | Killed Gastronok
 17146 | Lair:2   | Noticed Maggie
 17152 | Lair:2   | Killed Maggie
 17221 | Lair:2   | Found a staircase to the Swamp.
 17326 | Lair:2   | Found a white marble altar of Elyvilon.
 17375 | Lair:2   | You fall into a shaft and drop 2 floors!
 17460 | Lair:4   | Reached skill level 6 in Spellcasting
 17460 | Lair:4   | Reached skill level 6 in Translocations
 17515 | Lair:3   | Reached skill level 9 in Fighting
 17633 | Lair:2   | Found a hole to the Spider Nest.
 17738 | Lair:2   | Noticed Erica
 17741 | Lair:2   | Banished Erica
 17879 | Lair:2   | Learned a level 4 spell: Manifold Assault
 18816 | Lair:4   | Reached XP level 15. HP: 129/129 MP: 27/27
 18836 | Lair:4   | Found a viscous altar of Jiyva.
 18836 | Lair:4   | Found a staircase to the Slime Pits.
 18950 | Lair:4   | Reached skill level 10 in Fighting
 18963 | Lair:4   | Reached skill level 7 in Spellcasting
 19004 | Lair:4   | Reached skill level 7 in Translocations
 19343 | Lair:5   | Entered Level 5 of the Lair of Beasts
 19897 | Lair:5   | Identified the +11 scale mail of Wu Jian's Wrath {Regen+}
 19979 | Lair:5   | Got an earthy gem with 175 turns to spare
 20277 | Orc:1    | Entered Level 1 of the Orcish Mines
 20277 | Orc:1    | Found Aiorujeq's Alliterative Armaments.
 20408 | Orc:2    | Entered Level 2 of the Orcish Mines
 20606 | Orc:1    | Found a roughly hewn altar of Beogh.
 20701 | Orc:2    | Found a staircase to the Elven Halls.
 20957 | Orc:2    | Reached skill level 11 in Fighting
 20973 | Orc:2    | Found Ofimuos's General Store.
 20984 | Orc:2    | Found Gihiq's Book Emporium.
 20984 | Orc:2    | Found Wucoem's Armour Emporium.
 21001 | Orc:2    | Found Jichum's General Store.
 21257 | Orc:2    | Found Xattyrhi's CLEARANCE SALE!.
 21266 | Orc:2    | Bought a scroll of enchant armour for 7 gold pieces
 21338 | Orc:2    | Bought the +3 helmet "Xiablunaocs" {rN+ SInv} for 558 gold
                  | pieces
 21350 | Orc:2    | Reached ** piety under Ashenzari
 21527 | Swamp:1  | Entered Level 1 of the Swamp
 21539 | Swamp:1  | Reached skill level 8 in Translocations
 22059 | Swamp:1  | Identified the +3 chain mail of the Centipede {rF+ Dex+3
                  | Slay+2}
 22315 | Swamp:2  | Reached skill level 8 in Spellcasting
 22326 | Swamp:2  | HP: 61/138 [15-headed hydra (12)]
 22570 | Swamp:2  | Reached skill level 12 in Fighting
 23161 | Swamp:2  | Found a runed translucent gate.
 23161 | Swamp:2  | Noticed jamsaran's ghost (journeyman DgAl)
 23163 | Swamp:2  | Found a runed translucent gate.
 23164 | Swamp:2  | Found a runed translucent gate.
 23165 | Swamp:2  | Identified the +1 orcbow of Ashenzari, Inviting {freeze,
                  | Dex+3}
 23898 | Swamp:3  | Reached skill level 9 in Translocations
 24448 | Swamp:3  | Reached XP level 16. HP: 147/147 MP: 26/30
 24945 | Swamp:4  | Entered Level 4 of the Swamp
 25128 | Swamp:4  | Reached skill level 9 in Spellcasting
 25226 | Swamp:4  | Noticed a thorn hunter
 25235 | Swamp:4  | Killed a thorn hunter
 25256 | Swamp:4  | HP: 71/148 [swamp dragon (5)]
 25264 | Swamp:4  | HP: 64/149 [eleionoma (14)]
 25316 | Swamp:4  | Noticed a tentacled monstrosity
 25323 | Swamp:4  | Reached skill level 10 in Translocations
 25330 | Swamp:4  | Killed a tentacled monstrosity
 25713 | Swamp:4  | Reached skill level 10 in Spellcasting
 26617 | Swamp:4  | Got a decaying rune of Zot
 26727 | Spider:1 | Entered Level 1 of the Spider Nest
 26731 | Spider:1 | Noticed Frances
 26738 | Spider:1 | Banished Frances
 26739 | Spider:1 | Reached skill level 11 in Translocations
 26739 | Spider:1 | Noticed Donald
 26748 | Spider:1 | Killed Donald
 27209 | Spider:1 | Noticed Jorgrun
 27224 | Spider:1 | Killed Jorgrun
 27535 | Spider:2 | Reached *** piety under Ashenzari
 27542 | Spider:2 | Reached skill level 11 in Spellcasting
 27858 | Spider:2 | Reached XP level 17. HP: 158/158 MP: 35/35
 27874 | Spider:2 | You fall into a shaft and drop 1 floor!
 28275 | Spider:3 | Reached skill level 12 in Translocations
 28489 | Spider:3 | Found a runed translucent door.
 28489 | Spider:3 | Noticed Movesim's ghost (adept DjAE)
 29091 | Spider:3 | Reached **** piety under Ashenzari
 29107 | Spider:3 | Noticed Louise
 29111 | Spider:3 | Killed Louise
 29198 | Spider:4 | Entered Level 4 of the Spider Nest
 29431 | Spider:4 | Reached skill level 2 in Dodging
 29944 | Spider:4 | Reached skill level 3 in Dodging
 30162 | Spider:4 | Identified the +4 hat of the Riding Gods {Rampage rElec
                  | Int-2 Dex+4}
 30172 | Spider:4 | Reached skill level 15 in Armour
 30221 | Spider:4 | Reached skill level 13 in Translocations
 30375 | Spider:4 | Got a gossamer rune of Zot
 30724 | Spider:4 | Reached skill level 4 in Dodging
 31183 | Vaults:1 | Entered Level 1 of the Vaults
 31818 | Vaults:1 | Reached XP level 18. HP: 89/166 MP: 6/37
 31820 | Vaults:1 | HP: 76/166 [yaktaur/bolt[a yaktaur captain] (16)]
 31826 | Vaults:1 | HP: 75/165 [dire elephant (7)]
 32249 | Vaults:1 | Reached skill level 5 in Dodging
 32537 | Vaults:1 | Reached skill level 16 in Armour
 32702 | Vaults:1 | HP: 62/164 [tengu reaver/bolt of cold (25)]
 32705 | Vaults:1 | HP: 4/164 [tengu reaver/bolt of acid (60)]
 33543 | Vaults:1 | Reached skill level 6 in Dodging
 33956 | Vaults:2 | Reached skill level 17 in Armour
 34203 | Vaults:2 | Reached skill level 7 in Dodging
 34600 | Vaults:2 | Reached skill level 8 in Dodging
 34905 | Vaults:2 | Found a staircase to the Crypt.
 35191 | Vaults:2 | Found Hais's Jewellery Boutique.
 35338 | Vaults:2 | Reached skill level 9 in Dodging
 35500 | Vaults:2 | Reached XP level 19. HP: 172/172 MP: 14/38
 36113 | Vaults:3 | Reached skill level 10 in Dodging
 36787 | Vaults:3 | Found a runed translucent gate.
 36787 | Vaults:3 | Found a runed translucent gate.
 36787 | Vaults:3 | Found a runed translucent gate.
 36788 | Vaults:3 | Noticed Posi's ghost (adept DrSh)
 36788 | Vaults:3 | Noticed Xedevy's ghost (adept KoEn)
 36788 | Vaults:3 | Identified the +2 helmet "Pobberub" {Harm rPois rCorr}
 36818 | Vaults:3 | Found Comukurgh's Weapon Boutique.
 36821 | Vaults:3 | Reached skill level 11 in Dodging
 37447 | Vaults:3 | Reached skill level 4 in Stealth
 37972 | Vaults:3 | Identified the +0 pair of gloves of Indecent Exposure
                  | {rCorr Str+3}
 37990 | Vaults:3 | Banished Xedevy's ghost
 38015 | Vaults:3 | Killed Posi's ghost
 38366 | Vaults:4 | Reached skill level 5 in Stealth
 38483 | Vaults:4 | Reached skill level 15 in Shields
 39050 | Vaults:4 | Reached skill level 12 in Dodging
 39417 | Vaults:4 | Reached XP level 20. HP: 184/184 MP: 22/39
 39530 | Vaults:4 | Reached skill level 6 in Stealth
 40214 | Elf:1    | Entered Level 1 of the Elven Halls
 40343 | Elf:1    | Found a crumbling gateway.
 40466 | Desolati | Entered the Desolation of Salt
 40509 | Desolati | Identified the +4 quarterstaff of Tumult {drain, *Rage
                  | Int+3 Dex+3 SInv}
 40509 | Desolati | Identified the ring "Saidgh" {rElec rF+ Will+}
 40511 | Desolati | Identified the +3 quarterstaff of the Desolation of Salt
                  | {vamp, ^Fragile rElec rN++ Str+3}
 40511 | Desolati | Identified the Encyclopedia of Bloodstone
 40529 | Desolati | Identified Atzo's Volume of Promethean Diablerie
 40531 | Desolati | Reached skill level 7 in Stealth
 40899 | Desolati | Reached skill level 8 in Stealth
 41253 | Desolati | Identified the Compilation of Grey Necromantic Rites
 41430 | Desolati | Identified the ring of Ruqytsu {Fly rC- rCorr Int+8 Dex+3}
 41446 | Desolati | Identified the +10 spear "Lifebane" {freeze, Fly rElec
                  | Str-2 Dex+3}
 41494 | Desolati | Identified the Collected Works on the Creative Morgue
 41686 | Elf:1    | Reached skill level 9 in Stealth
 42187 | Elf:2    | Identified the +8 flail of Drought {freeze, rF- Str+2
                  | Int+4}
 42194 | Elf:2    | Reached ***** piety under Ashenzari
 42310 | Elf:2    | Reached skill level 13 in Fighting
 42427 | Elf:2    | Identified the +1 mace of Might {spect, +Blink rPois Str+8
                  | Int-2}
 42435 | Elf:2    | Reached skill level 18 in Armour
 42451 | Elf:2    | HP: 90/187 [burnt (6)]
 42456 | Elf:2    | HP: 71/187 [burnt (8)]
 42682 | Elf:2    | Reached skill level 16 in Shields
 42682 | Elf:2    | Reached XP level 21. HP: 183/194 MP: 5/41
 42840 | Elf:2    | Found Metub's Elven Fire.
 43259 | Elf:3    | Entered Level 3 of the Elven Halls
 43476 | Elf:2    | Found a huge runed translucent gate.
 43476 | Elf:2    | Found a huge runed translucent gate.
 43476 | Elf:2    | Found a huge runed translucent gate.
 43476 | Elf:2    | Found a huge runed translucent gate.
 43479 | Elf:2    | Found a huge runed translucent gate.
 44179 | Elf:3    | Reached skill level 14 in Fighting
 44222 | Elf:3    | Identified the +7 demon trident of Certain Death {flame,
                  | Dex+3}
 44240 | Elf:3    | Reached skill level 15 in Fighting
 44241 | Elf:3    | HP: 31/201 [deep elf annihilator/crystal spear (76)]
 44703 | Elf:3    | Identified the Book of Charming Attendants
 44874 | Elf:3    | Reached skill level 12 in Spellcasting
 44901 | Elf:3    | Identified the staff of Kismet {rElec rC+ Dex+3 Air}
 44902 | Elf:3    | Identified the +2 leather armour "Jaegu" {Harm ^Drain
                  | +Blink rF+++}
 44960 | Elf:3    | Identified the Vellum of the Thirsty Tables
 45322 | Elf:3    | Identified the +3 demon trident "Eruutow" {drain, rF+
                  | Int+4}
 45322 | Elf:3    | Identified the ring "Qemnoog" {Fly rPois rF+ Str+4 Dex-5}
 45468 | Elf:3    | Learned a level 4 spell: Passage of Golubria
 45753 | Depths:1 | Entered Level 1 of the Depths
 45940 | Depths:1 | Found a gateway to Hell.
 46264 | Depths:1 | Reached skill level 13 in Spellcasting
 46270 | Depths:1 | Found Kiziffiq's Book Shop.
 46271 | Depths:1 | Found Ocap's Jewellery Emporium.
 46272 | Depths:1 | Found Zufoach's Book Shop.
 46613 | Depths:1 | Found a one-way gateway to a ziggurat.
 46669 | Depths:1 | Found Hiavaf's Mayhem Merchandise.
 47168 | Depths:1 | Reached XP level 22. HP: 209/209 MP: 44/44
 47288 | Depths:2 | Noticed Mara
 47297 | Depths:2 | Killed Mara
 47333 | Depths:1 | Reached skill level 14 in Spellcasting
 47650 | Depths:2 | Found a one-way gate leading to the halls of Pandemonium.
 47739 | Depths:2 | Found a one-way gate to the infinite horrors of the Abyss.
 47951 | Depths:2 | Found a shimmering blue altar of Sif Muna.
 48430 | Depths:2 | Noticed Asterion
 48436 | Depths:2 | HP: 103/209 [fire giant/bolt of fire (2)]
 48733 | Depths:2 | Reached skill level 15 in Spellcasting
 48987 | Depths:2 | Killed Asterion
 49096 | Depths:2 | Reached skill level 14 in Translocations
 49164 | Depths:2 | Identified the +1 great sword of Erezit {flame, Will++}
 49944 | Depths:3 | Found a shimmering altar of Xom.
 50346 | Depths:3 | Reached skill level 15 in Translocations
 51147 | Depths:3 | Found Eseidy's Assorted Antiques.
 51155 | Depths:3 | Reached skill level 16 in Translocations
 51155 | Depths:3 | Found Suampac's Distillery.
 51155 | Depths:3 | Found Xinluir's Antique Weapon Emporium.
 51160 | Depths:3 | Bought a scroll of revelation for 217 gold pieces
 51160 | Depths:3 | Bought a scroll of fog for 116 gold pieces
 51160 | Depths:3 | Found Uxaq's Distillery.
 51163 | Depths:3 | Bought a potion of heal wounds for 105 gold pieces
 51163 | Depths:3 | Bought a potion of curing for 63 gold pieces
 51163 | Depths:3 | Bought a potion of haste for 210 gold pieces
 51166 | Depths:3 | Bought a potion of heal wounds for 80 gold pieces
 51166 | Depths:3 | Bought a potion of heal wounds for 80 gold pieces
 51183 | Depths:3 | Learned a level 1 spell: Apportation
 51235 | Depths:3 | Noticed a golden dragon
 51247 | Depths:3 | Killed a golden dragon
 51248 | Depths:3 | Reached XP level 23. HP: 203/215 MP: 10/47
 51673 | Depths:4 | Entered Level 4 of the Depths
 52163 | Depths:4 | Identified the +0 leather armour "Raysaaph" {rN+ rCorr
                  | Int-5}
 52518 | Depths:4 | Reached skill level 17 in Translocations
 52749 | Depths:4 | HP: 101/215 [poisoned by a golden dragon (poison gas)]
 52754 | Depths:4 | HP: 82/215 [poisoned by a golden dragon (poison gas)]
 52760 | Depths:4 | HP: 77/215 [poisoned by a golden dragon (poison gas)]
 53059 | Depths:4 | Found a gate to the Realm of Zot.
 53268 | Depths:3 | Found the +7 lajatang of Order {silver, rMut}
 53416 | Depths:4 | Found a portal to a secret trove of treasure.
 53817 | Slime:1  | Entered Level 1 of the Pits of Slime
 54264 | Slime:2  | Reached skill level 10 in Stealth
 54556 | Slime:5  | Entered Level 5 of the Pits of Slime
 54630 | Slime:4  | Reached skill level 16 in Fighting
 55495 | Slime:5  | Noticed the Royal Jelly
 55529 | Slime:5  | Killed the Royal Jelly
 55850 | Slime:5  | Reached skill level 17 in Fighting
 56496 | Slime:5  | Identified the +1 robe of the Vaults {Rampage rCorr
                  | Archmagi}
 56496 | Slime:5  | Identified the +0 robe of the Lich-sworn {^Contam rF+ rC+
                  | Archmagi}
 56496 | Slime:5  | Identified Unweuv's Directory of Kindling
 56497 | Slime:5  | Identified The Foundations of Magical Power
 56498 | Slime:5  | Identified the ring of Kikubaaqudgha's Scorn {Ice ^Contam
                  | +Blink rPois Str+2}
 56513 | Slime:5  | Identified the +1 orcbow of Peace {drain, rPois}
 56515 | Slime:5  | Identified the Parchment of Deathly Crysopoeia
 56516 | Slime:5  | Got a slimy rune of Zot
 57378 | Depths:2 | Voluntarily entered the Abyss.
 57502 | Abyss:1  | Reached skill level 18 in Fighting
 57502 | Abyss:1  | Reached XP level 24. HP: 161/236 MP: 11/48
 57538 | Abyss:1  | HP: 117/237 [burnt (2)]
 57561 | Depths:2 | Escaped the Abyss
 57565 | Depths:2 | Killed Xedevy's ghost
 57769 | Depths:2 | Voluntarily entered the Abyss.
 57891 | Abyss:1  | Killed Snorg
 58243 | Abyss:1  | Found a corrupted altar of Lugonu.
 58352 | Abyss:2  | Reached skill level 19 in Fighting
 58363 | Abyss:2  | Killed Frances
 58533 | Abyss:3  | Found an ornate altar of the Wu Jian Council.
 58568 | Abyss:3  | Found an ornate altar of the Wu Jian Council.
 58577 | Abyss:3  | Found a corrupted altar of Lugonu.
 58639 | Abyss:3  | Found a corrupted altar of Lugonu.
 58672 | Abyss:3  | Identified the +12 plate armour of Valiance {Int+4}
 58709 | Abyss:3  | Reached skill level 13 in Dodging
 58826 | Abyss:3  | Found a corrupted altar of Lugonu.
 59168 | Abyss:3  | Found a corrupted altar of Lugonu.
 59194 | Abyss:3  | Reached skill level 14 in Dodging
 59213 | Depths:2 | Escaped the Abyss
 59396 | Depths:2 | Voluntarily entered the Abyss.
 59623 | Abyss:3  | Found a corrupted altar of Lugonu.
 59955 | Abyss:3  | Found a corrupted altar of Lugonu.
 60026 | Abyss:3  | Found a corrupted altar of Lugonu.
 60081 | Abyss:3  | Gained mutation: You occasionally lose the ability to drink
                  | potions when taking damage. [a cacodemon]
 60132 | Abyss:3  | Killed Erica
 60167 | Abyss:3  | Reached skill level 15 in Dodging
 60989 | Abyss:3  | Reached XP level 25. HP: 249/249 MP: 32/48
 61084 | Abyss:3  | Found a corrupted altar of Lugonu.
 61227 | Abyss:3  | Reached skill level 19 in Armour
 61563 | Abyss:3  | Reached skill level 20 in Armour
 61631 | Abyss:3  | Banished Pikel
 62334 | Abyss:3  | Reached skill level 15 in Polearms
 62375 | Abyss:3  | Found a corrupted altar of Lugonu.
 62517 | Abyss:3  | Found a corrupted altar of Lugonu.
 62656 | Depths:2 | Escaped the Abyss
 62775 | Depths:2 | Voluntarily entered the Abyss.
 62776 | Abyss:3  | Found a corrupted altar of Lugonu.
 62788 | Abyss:3  | Reached skill level 20 in Fighting
 62875 | Abyss:3  | Found a corrupted altar of Lugonu.
 62878 | Abyss:3  | Killed Pikel
 62951 | Abyss:3  | Found a corrupted altar of Lugonu.
 63150 | Abyss:3  | Reached skill level 16 in Polearms
 63193 | Depths:2 | Escaped the Abyss
 63423 | Depths:2 | Voluntarily entered the Abyss.
 63426 | Abyss:3  | Found a corrupted altar of Lugonu.
 63472 | Abyss:3  | Found a corrupted altar of Lugonu.
 63489 | Abyss:3  | Found a corrupted altar of Lugonu.
 63489 | Abyss:3  | Found a corrupted altar of Lugonu.
 63512 | Abyss:3  | Noticed an ancient lich
 63526 | Abyss:3  | Killed an ancient lich
 63758 | Abyss:3  | Noticed an ancient lich
 63775 | Abyss:3  | HP: 114/251 [poisoned by a death drake (dark miasma)]
 63781 | Abyss:3  | Killed an ancient lich
 63784 | Depths:2 | Escaped the Abyss
 64061 | Depths:2 | Voluntarily entered the Abyss.
 64104 | Abyss:3  | Got an abyssal rune of Zot
 64246 | Abyss:3  | Reached skill level 21 in Fighting
 64347 | Abyss:3  | Reached XP level 26. HP: 249/264 MP: 48/48
 64464 | Abyss:3  | Found a corrupted altar of Lugonu.
 64476 | Depths:2 | Escaped the Abyss
 64767 | Crypt:1  | Entered Level 1 of the Crypt
 64778 | Crypt:1  | Reached skill level 17 in Polearms
 65299 | Crypt:1  | Noticed Grunn
 65309 | Crypt:1  | Banished Grunn
 65531 | Crypt:1  | Noticed Zenata
 65558 | Crypt:1  | Banished Zenata
 66609 | Crypt:3  | Entered Level 3 of the Crypt
 67199 | Crypt:3  | Found a basalt altar of Yredelemnul.
 67199 | Crypt:3  | Noticed an ancient lich
 67210 | Crypt:3  | Killed an ancient lich
 67211 | Crypt:3  | Reached skill level 22 in Fighting
 67265 | Crypt:3  | Found a staircase to the Tomb.
 67265 | Crypt:3  | Identified the staff of Mod Wal {rPois rN++ Str-4 Int+4
                  | Alchemy}
 67435 | Crypt:3  | Reached skill level 18 in Polearms
 67507 | Crypt:3  | Reached skill level 16 in Spellcasting
 68202 | Depths:1 | Bought a There-And-Back Book for 510 gold pieces
 68209 | Depths:1 | Learned a level 6 spell: Dispersal
 68217 | Depths:1 | Bought a book of Chaos for 850 gold pieces
 68226 | Depths:1 | Learned a level 8 spell: Disjunction
 68341 | D:15     | Bought a potion of might for 64 gold pieces
 68341 | D:15     | Bought a potion of experience for 800 gold pieces
 68341 | D:15     | Bought a potion of curing for 48 gold pieces
 68341 | D:15     | Bought a potion of magic for 128 gold pieces
 68341 | D:15     | Bought a potion of mutation for 128 gold pieces
 68341 | D:15     | Reached skill level 4 in Shapeshifting
 68341 | D:15     | Reached XP level 27. HP: 271/271 MP: 48/48
 68843 | Vaults:5 | Entered Level 5 of the Vaults
 68861 | Vaults:5 | Reached skill level 5 in Shapeshifting
 69163 | Vaults:5 | Noticed an ancient lich
 69168 | Vaults:5 | Banished an ancient lich
 69249 | Vaults:5 | Identified the +9 great mace of the Delightful God {venom,
                  | rCorr Str+5}
 69412 | Vaults:5 | Identified the ring of Hekat {Fire Dex+3}
 69415 | Vaults:5 | Reached skill level 6 in Shapeshifting
 69490 | Vaults:5 | Identified the +1 double sword "Ultimatum" {venom, rCorr
                  | Int+3}
 69537 | Vaults:5 | Identified the Reference Book on Synthesis and Position
 69545 | Vaults:5 | Identified the +9 orcbow "Umaum" {flame, Dex+3}
 69545 | Vaults:5 | Identified the +0 robe of Infinity {Will+ Regen+ Str-2}
 69550 | Vaults:5 | Identified the +1 fire dragon scales "Xayrph" {+Inv rF++
                  | rC- rCorr Str+5}
 69846 | Vaults:5 | Identified the +1 quarterstaff of Resourcefulness {drain,
                  | rN+ Int+3}
 69871 | Vaults:5 | Identified the ring of Vaxilimp {rPois rC+ rCorr Slay+4}
 70005 | Vaults:5 | Reached skill level 7 in Shapeshifting
 70023 | Vaults:5 | Identified the amulet of Departure {RegenMP rN+ Will+ Int+5
                  | Dex+3}
 70154 | Vaults:5 | Reached skill level 17 in Spellcasting
 70371 | Vaults:5 | Identified the staff "Killer Bee's Doom" {^Contam ^Drain
                  | rElec rC+ SInv Ice}
 70424 | Vaults:5 | Got a silver rune of Zot
 70454 | Vaults:5 | Identified the +1 scale mail "Fithuar" {rPois Int-2 Dex+3}
 70541 | Vaults:5 | Identified the Octavo of Too Many Cooks
 70541 | Vaults:5 | Identified the +3 trident of the Hall of Blades {holy,
                  | *Noise rPois rC- Str+5 Int+3}
 70599 | Vaults:5 | Noticed an ancient lich
 70601 | Vaults:5 | Banished an ancient lich
 70602 | Vaults:5 | Reached skill level 18 in Translocations
 70825 | Vaults:5 | Found the +9 scales of the Dragon King {rPois rF+ rC+
                  | Will+}
 70915 | Vaults:5 | Identified the +0 triple sword of Agony {venom, Int+2}
 71242 | Zot:1    | Entered Level 1 of the Realm of Zot
 71546 | Zot:1    | Reached skill level 17 in Shields
 72470 | Zot:2    | Noticed a dread lich
 72566 | Zot:1    | Killed a dread lich
 72869 | Zot:2    | Reached skill level 18 in Shields
 73094 | Zot:2    | Reached skill level 18 in Spellcasting
 73817 | Zot:3    | Noticed an orb of fire
 73831 | Zot:3    | Banished an orb of fire
 74091 | Zot:3    | Reached skill level 19 in Translocations
 74868 | Zot:4    | Reached skill level 19 in Shields
 75671 | Zot:5    | Entered Level 5 of the Realm of Zot
 75958 | Zot:5    | Reached skill level 19 in Spellcasting
 76054 | Zot:5    | Noticed an orb of fire
 76314 | Zot:4    | Reached skill level 20 in Shields
 76379 | Zot:5    | Banished an orb of fire
 76550 | Zot:5    | Noticed a dread lich
 76551 | Zot:5    | Noticed an orb of fire
 76552 | Zot:5    | Noticed an ancient lich
 76561 | Zot:5    | Banished an orb of fire
 76566 | Zot:5    | Killed an ancient lich
 76593 | Zot:5    | Killed a dread lich
 76604 | Zot:5    | Noticed an orb of fire
 76610 | Zot:5    | Gained mutation: You sometimes lose your temper in combat.
                  | [an orb of fire]
 76625 | Zot:5    | Killed an orb of fire
 76639 | Zot:5    | Noticed an orb of fire
 76654 | Zot:5    | Gained mutation: Your magical capacity is low. (-10% MP)
                  | [an orb of fire]
 76655 | Zot:5    | Gained mutation: You are robust. (+10% HP) [an orb of fire]
 76657 | Zot:5    | Killed an orb of fire
 76951 | Zot:5    | Reached skill level 20 in Spellcasting
 77049 | Zot:5    | Paralysed by a Zot trap for 3 turns
 77049 | Zot:5    | Noticed an ancient lich
 77051 | Zot:5    | Noticed an orb of fire
 77058 | Zot:5    | Banished an orb of fire
 77059 | Zot:5    | Noticed an orb of fire
 77063 | Zot:5    | Banished an orb of fire
 77065 | Zot:5    | Killed an ancient lich
 77072 | Zot:5    | Noticed a dread lich
 77079 | Zot:5    | Killed a dread lich
 77100 | Zot:5    | Gained mutation: Your body sometimes deteriorates upon
                  | taking damage. [mutagenic glow]
 77108 | Zot:5    | Noticed an orb of fire
 77110 | Zot:5    | Gained mutation: You occasionally lose the ability to read
                  | scrolls when taking damage. [an orb of fire]
 77115 | Zot:5    | Gained mutation: You are clumsy. (Dex -2) [mutagenic glow]
 77123 | Zot:5    | Killed an orb of fire
 77369 | Zot:5    | Lost mutation: You are robust. (+10% HP) [potion of
                  | mutation]
 77369 | Zot:5    | Lost mutation: You occasionally lose the ability to read
                  | scrolls when taking damage. [potion of mutation]
 77369 | Zot:5    | Lost mutation: Your body sometimes deteriorates upon taking
                  | damage. [potion of mutation]
 77369 | Zot:5    | Gained mutation: You are weak. (Str -2) [potion of
                  | mutation]
 77369 | Zot:5    | Gained mutation: You are partially covered in large bone
                  | plates. (SH +4) [potion of mutation]
 77369 | Zot:5    | Gained mutation: You are occasionally teleported next to
                  | monsters. [potion of mutation]
 77370 | Zot:5    | Lost mutation: Your magical capacity is low. (-10% MP)
                  | [potion of mutation]
 77370 | Zot:5    | Lost mutation: You are occasionally teleported next to
                  | monsters. [potion of mutation]
 77370 | Zot:5    | Lost mutation: You are clumsy. (Dex -2) [potion of
                  | mutation]
 77370 | Zot:5    | Gained mutation: Your magical capacity is low. (-10% MP)
                  | [potion of mutation]
 77371 | Zot:5    | Lost mutation: You sometimes lose your temper in combat.
                  | [potion of mutation]
 77371 | Zot:5    | Lost mutation: You are partially covered in large bone
                  | plates. (SH +4) [potion of mutation]
 77371 | Zot:5    | Lost mutation: You occasionally lose the ability to drink
                  | potions when taking damage. [potion of mutation]
 77371 | Zot:5    | Gained mutation: You have sharp fingernails. [potion of
                  | mutation]
 77372 | Zot:5    | Lost mutation: You have sharp fingernails. [potion of
                  | mutation]
 77372 | Zot:5    | Lost mutation: You are weak. (Str -2) [potion of mutation]
 77372 | Zot:5    | Gained mutation: You are partially covered in iridescent
                  | scales. (AC +2) [potion of mutation]
 77372 | Zot:5    | Gained mutation: You expend magic power (3 MP) to
                  | strengthen your wands. [potion of mutation]
 77373 | Zot:5    | Lost mutation: You are partially covered in iridescent
                  | scales. (AC +2) [potion of mutation]
 77373 | Zot:5    | Lost mutation: Your magical capacity is low. (-10% MP)
                  | [potion of mutation]
 77373 | Zot:5    | Gained mutation: You are partially covered in iridescent
                  | scales. (AC +2) [potion of mutation]
 77373 | Zot:5    | Gained mutation: Your system is resistant to poisons.
                  | (rPois) [potion of mutation]
 77380 | Zot:5    | sleeves: !lg
 77380 | Zot:5    | beem: 7476. sleeves the Portalist (L27 OnWr of Okawaru),
                  | escaped with the Orb and 3 runes on 2024-02-23 22:42:46,
                  | with 1523033 points after 92112 turns and 5:03:46.
 77380 | Zot:5    | Reached ****** piety under Ashenzari
 77409 | Zot:5    | Got the Orb of Zot
 77436 | Zot:4    | Noticed a seraph
 77443 | Zot:4    | Killed a seraph
 77512 | Zot:2    | Noticed an ancient lich
 77776 | D:8      | Reached skill level 8 in Shapeshifting
 77987 | D:2      | Noticed Kaprideo the pandemonium lord
 78008 | D:2      | Killed Kaprideo the pandemonium lord
 78085 | D:$      | Escaped with the Orb!

Illustrated notes

Levels and vault maps discovered:
D:1:      tarquinn_simple_flora_water_d, layout_basic,
          shapermc_ecumenical_altar_notcrosses, grunt_decor_fettered,
          nicolae_concentric_dashed_squares_wild, amcnicky_mini_pool_small
D:2:      layout_rooms, nicolae_eternal_life, ebering_dispersal_statue_hall,
          kennysheep_small_spiral, eino_tiny_chamber
D:3:      kennysheep_slugbush, layout_rooms, yredelemnul_altar_generic,
          uniq_robin
D:4:      layout_basic
D:5:      layout_basic, lemuel_crystal_altar, minmay_overflow_temple_hex,
          temple_doors_e, uniq_blork_the_orc, uniq_ijyb
D:6:      layout_cave_pools, mainiacjoe_overflow_alcove_1, uniq_sigmund,
          uniq_duvessa, uniq_eustachio, uniq_pikel
D:7:      lemuel_bear_cage, layout_rooms, makhleb_altar_promises_db
D:8:      layout_basic, nicolae_qazlal_scattered_showers,
          nicolae_ru_the_path_less_chosen, hellmonk_lair_entry_icy
D:9:      layout_irregular_city, uniq_psyche
D:10:     layout_grid_maze, uniq_snorg, uniq_sonja
D:11:     layout_long_grid
D:12:     layout_loops_cross, david_orc_3, portal_ice_cave_entry_imps
D:13:     layout_irregular_city
D:14:     layout_loops_cross, hellmonk_vaults_order_and_chaos,
          infiniplex_staircase_pool_1, hellmonk_guarded_unrand_sphere_of_battle
D:15:     grunt_enter_depths_giant_problem, layout_rooms,
          nemelex_spade_bored_becter, serial_shops,
          nicolae_shop_temple_entry_statues_fountains, gauntlet_entry_generic,
          einodemon_crawler_minivault, uniq_kirke, uniq_roxanne
Temple:   hellmonk_temple_micro_hex
Lair:1:   layout_regular_city, infiniplex_staircase_pool_2
Lair:2:   layout_loops_ring, skrybe_swamp_entry_bodies,
          spider_nest_entry_funnel_web, basic_altar, nzn_sisyphean_effort,
          lemuel_fruit_tree, uniq_erica, uniq_maggie, uniq_gastronok
Lair:3:   layout_hall_layers, grunt_megastairs_5, serial_bayou_shore_b
Lair:4:   layout_loops_ring, dpeg_slime_entry_enclosed
Lair:5:   guppyfry_lair_end_dragon, layout_long_grid, kennysheep_abandoned_house
Swamp:1:  layout_basic_swamp, nicolae_swamp_tree_designs
Swamp:2:  layout_basic_swamp, gammafunk_ghost_hydra_chop,
          evilmike_swamp_ruin_house_3, swamp_pool_1_2
Swamp:3:  layout_basic_swamp, evilmike_swamp_ruin_house_1
Swamp:4:  swamp_fiery, layout_basic_swamp, nicolae_swamp_long_stream
Spider:1: layout_spider_delve, uniq_jorgrun, uniq_frances, uniq_donald
Spider:2: layout_cave_pods
Spider:3: layout_spider_delve, ebering_ghost_inner_flame,
          nicolae_spider_eight_legs, uniq_louise
Spider:4: guppyfry_spider_rune
Slime:1:  layout_caves
Slime:2:  layout_caves
Slime:3:  cheibrodos_slime_lost_civilization_1, layout_caves
Slime:4:  layout_caves
Slime:5:  slime_pit_nicolae_royal_road_to_ruin
Orc:1:    layout_caves, basic_altar, monkooky_shop_alliterative
Orc:2:    st_orc_mages, layout_caves, nicolae_shop_clearance
Elf:1:    eino_elf_arrival_the_gate, layout_geoelf_grid,
          portal_desolation_entry_salt, minivault_28,
          amcnicky_mini_corridor_feature
Elf:2:    elven_hall_of_blades_hangedman_alternative
          [nicolae_blade_entry_antechamber], layout_loops_corners,
          guppyfry_elf_lava, lemuel_elevator
Elf:3:    grunt_elf_hall_branching, layout_gridlike
Vaults:1: ontoclasm_vaults_loading_screen, ontoclasm_vaults_tryst, st_star,
          vaults_room_pool, v_misc_2, nicolae_vaults_storage_closets_2,
          nicolae_vaults_little_ls, vaults_room_pools,
          nicolae_vaults_trapezoid_4, ontoclasm_vaults_chip, v_misc_22,
          vaults_dpeg_hooks, layout_vaults_omnigrid
Vaults:2: v_pattern_5, nicolae_vaults_thirteen_compartments, v_misc_8,
          grunt_vaults_swirl, nicolae_vaults_closet_pinwheel_1, v_rooms_6,
          nicolae_vaults_lightning_bolt, nicolae_vaults_tetromino_L_1,
          layout_vaults_chaotic_city, minmay_crypt_entry_simple_corners,
          serial_shops, nicolae_shop_real_fake_doors
Vaults:3: gammafunk_ghost_cemetery, ontoclasm_vaults_twist,
          nicolae_vaults_tetromino_L_2, nicolae_vaults_diffraction_hallways,
          serial_library_hellmonk_reading_circle, hangedman_vaults_slice,
          vaults_mumra_chevron, hangedman_vaults_pinch, v_misc_26,
          ontoclasm_vaults_claustrophobia, nicolae_vaults_closet_pinwheel_3,
          layout_vaults_maze_snakey, serial_shops, nicolae_shop_scrapyard
Vaults:4: vaults_room_hallway, v_pattern_3, nicolae_vaults_shock_wave,
          v_misc_33, vaults_room_corners, v_misc_33, v_misc_17,
          vaults_dpeg_ring, grunt_vaults_hallway_long, v_misc_10,
          nicolae_vaults_angled_halls, nicolae_vaults_little_squares_4,
          layout_vaults_big_cross
Vaults:5
Crypt:1:  layout_misc_corridors, uniq_zenata, uniq_grunn
Crypt:2:  layout_chaotic_city, grunt_ministairs_8
Crypt:3:  cryptofortress_bobbens
Depths:1: layout_basic, enter_ziggurat_a, pf_dread_powers_of_hell,
          minmay_shop_mayhem, kennysheep_underground_church, grunt_megastairs_3,
          minmay_shop_grove
Depths:2: minmay_crystal_thing, layout_long_grid, abyss_entry, nrook_campfire,
          nicolae_hell_entry_hellmouth_sunbeams, pan_entry, uniq_asterion,
          uniq_mara
Depths:3: minmay_triangles_in_corner, layout_gridville, hell_entry, pan_entry,
          nicolae_abyss_entry_one_way_or_another,
          regret_index_xom_buried_treasure, kennysheep_random_hallway,
          minmay_shoptagon, minmay_staircase_statues, firewood_loft
Depths:4: grunt_zot_entry_bicorn, layout_gridville, enter_trove_6,
          hangedman_abyss_or_decor_clamps, hangedman_coc_ice_floe
Zot:1:    layout_concentric_octagons
Zot:2:    ebering_klown_carousel, layout_twisted_circle
Zot:3:    layout_gridville, hangedman_elemental_grid_stream
Zot:4:    layout_onion_interference
Zot:5:    layout_misc_corridors

Skill      XL: |  1  2  3  4  5  6  7  8  9 10 11 12 13 14 15 16 17 18 19 20 21 22 23 24 25 26 27 |
---------------+----------------------------------------------------------------------------------+-----
Polearms       | 3 4 5 6 7 9 10 11 12 14 16 18 | 18.1
Armour         | 1 4 6 9 10 13 14 15 17 18 20 | 20.6
Shields        | 1 4 6 9 10 13 14 15 16 20 | 20.6
Spellcasting   | 4 6 8 11 13 15 16 20 | 20.8
Translocations | 4 6 9 11 13 16 17 19 | 19.1
Fighting       | 6 9 12 13 15 18 19 21 22 | 22.0
Dodging        | 4 9 12 15 | 15.9
Stealth        | 5 9 10 | 10.8
Shapeshifting  | 4 8 |  8.9

Action                     |  1- 3 |  4- 6 |  7- 9 | 10-12 | 13-15 | 16-18 | 19-21 | 22-24 | 25-27 || total
---------------------------+-------+-------+-------+-------+-------+-------+-------+-------+-------++-------
  Melee: Spear             |    51 |   337 |       |       |       |       |       |       |       ||   388
         Trident           |       |   173 |   135 |       |       |       |       |       |       ||   308
         Demon trident     |       |       |   134 |   450 |  1170 |  1488 |  1904 |  2712 |  3479 || 11337
  Throw: Dart              |       |     5 |     8 |     1 |     1 |       |       |       |       ||    15
   Cast: Manifold Assault  |       |       |       |       |    81 |   281 |   336 |   504 |   482 ||  1684
         Blink             |       |       |       |       |       |     1 |     2 |     2 |     2 ||     7
         Apportation       |       |       |       |       |       |       |       |       |     1 ||     1
         Dispersal         |       |       |       |       |       |       |       |       |     1 ||     1
         Disjunction       |       |       |       |       |       |       |       |       |     1 ||     1
 Invoke: Curse Item        |       |       |       |     2 |     1 |     3 |     3 |     1 |     1 ||    11
         Shatter the Chain |       |       |       |       |       |     1 |       |       |       ||     1
  Evoke: Wand              |     2 |     6 |     6 |     3 |       |       |       |     4 |     2 ||    23
    Use: Potion            |       |     2 |     1 |       |       |       |       |     2 |    15 ||    20
         Scroll            |       |       |    20 |       |       |     4 |     2 |    12 |     4 ||    42
   Stab: Sleeping          |       |     4 |       |       |     3 |    20 |    30 |       |       ||    57
         Invisible         |       |       |     1 |       |       |       |       |       |       ||     1
         Distracted        |       |       |       |       |     2 |     1 |     4 |     5 |     4 ||    16
         Held in net/web   |       |       |       |       |       |     1 |       |       |       ||     1
         Confused          |       |       |       |       |       |       |       |       |     1 ||     1
 Armour: Leather armour    |    21 |    62 |       |       |       |       |       |       |       ||    83
         Chain mail        |       |   212 |   172 |    69 |    35 |       |       |       |       ||   488
         Plate armour      |       |       |       |       |    63 |       |       |       |       ||    63
         Scale mail        |       |       |       |       |   158 |   245 |   182 |       |       ||   585
         Crystal plate arm |       |       |       |       |       |       |    23 |   177 |       ||   200
         Gold dragon scale |       |       |       |       |       |       |       |   259 |   570 ||   829
  Dodge: Dodged            |    26 |   139 |    72 |    46 |   144 |   143 |   132 |   148 |   240 ||  1090
  Block: Kite shield       |       |       |    37 |    43 |   250 |   106 |       |       |       ||   436
         Tower shield      |       |       |       |       |       |   292 |   488 |   842 |   929 ||  2551
         Reflection        |       |       |       |       |       |       |    54 |    23 |    24 ||   101

Table legend: (Time is in decaauts)
 A = Elapsed time spent in this place.
 B = Non-inter-level travel time spent in this place.
 C = Inter-level travel time spent in this place.
 D = Time resting spent in this place.
 E = Time spent auto-exploring this place.
 F = Levels seen in this place.
 G = Mean time per level.
                   A        B        C        D        E       F      G
               +--------+--------+--------+--------+--------+-----+--------+
         Total |  75259 |  67525 |   7734 |   7321 |  44695 |  67 | 1123.3 |
       Dungeon |  16757 |  13447 |   3310 |   1678 |   8714 |  15 | 1117.1 |
        Temple |     10 |      1 |      9 |      0 |      0 |   1 |   10.0 |
          Lair |   4063 |   3521 |    542 |     58 |   2766 |   5 |  812.6 |
         Swamp |   5209 |   4995 |    214 |    157 |   4189 |   4 | 1302.2 |
   Spider Nest |   4137 |   4013 |    124 |     47 |   3306 |   4 | 1034.2 |
    Slime Pits |   3088 |   2744 |    344 |    821 |   1394 |   5 |  617.6 |
  Orcish Mines |   1157 |    934 |    223 |     32 |    644 |   2 |  578.5 |
   Elven Halls |   4152 |   3735 |    417 |    207 |   2804 |   3 | 1384.0 |
        Vaults |  11055 |  10131 |    924 |    380 |   7867 |   5 | 2211.0 |
         Crypt |   3349 |   2995 |    354 |    121 |   2305 |   3 | 1116.3 |
        Depths |   9159 |   8256 |    903 |   2280 |   4758 |   4 | 2289.8 |
           Zot |   5880 |   5514 |    366 |    878 |   3617 |   5 | 1176.0 |
         Abyss |   5425 |   5425 |      0 |    607 |   1254 |   8 |  678.1 |
      Ice Cave |    404 |    404 |      0 |     46 |    200 |   1 |  404.0 |
    Desolation |   1048 |   1048 |      0 |      0 |    751 |   1 | 1048.0 |
      Gauntlet |    359 |    359 |      0 |      4 |    124 |   1 |  359.0 |
               +--------+--------+--------+--------+--------+-----+--------+

Top non-repeatable levels by time:
 Abyss:3: 4603 daAuts
Depths:2: 3490 daAuts
     D:5: 2821 daAuts
Vaults:3: 2419 daAuts
Vaults:2: 2416 daAuts
Vaults:1: 2396 daAuts
Depths:1: 2281 daAuts
Vaults:4: 2022 daAuts
Depths:4: 1913 daAuts
Vaults:5: 1800 daAuts
   Elf:2: 1791 daAuts
     D:4: 1762 daAuts
 Slime:5: 1758 daAuts
Spider:4: 1678 daAuts
 Swamp:4: 1670 daAuts
